 Dungeon Crawl Stone Soup version 0.30-a0-459-g9104f0fc43 (webtiles) character file.

Game seed: 4795280722084894744

1471270 scionoferis the Shatterer (level 26, 247/247 (254) HPs)
             Began as an Ogre Warper on Dec 14, 2022.
             Was a High Priest of Okawaru.
             Escaped with the Orb
             ... and 3 runes on Dec 15, 2022!
             The game lasted 06:04:45 (87269 turns).

scionoferis the Shatterer (Ogre Warper)            Turns: 87269, Time: 06:04:46

HP:   247/247 (254) AC: 39    Str: 23    XL:     26   Next: 82%
MP:   37/37         EV: 10    Int: 17    God:    Okawaru [*****.]
Gold: 5742          SH:  0    Dex: 17    Spells: 25/45 levels left

rFire   + . .      SeeInvis +    a - +9 giant spiked club (spect)
rCold   + . .      Faith    .    (shield currently unavailable)
rNeg    + . .      Spirit   .    y - +10 gold dragon scales
rPois   +          Reflect  .    E - +3 hat of Absence {Dex+3}
rElec   +          Harm     .    A - +1 cloak {Will+}
rCorr   .          Rampage  .    (gloves unavailable)
Will    ++++.                    (boots unavailable)
Stlth   ..........               r - amulet of the acrobat
HPRegen 0.61/turn                H - ring "Lugilyri" {rElec SInv}
MPRegen 0.25/turn                X - ring of positive energy

@: studying 2 skills, lightly drained
A: large, unfitting armour, tough skin 1, agile 1, frail 1, strong-willed 1
0: Orb of Zot
}: 3/15 runes: decaying, abyssal, gossamer
a: Renounce Religion, Heroism, Finesse, Duel


You escaped.
You worshipped Okawaru.
Okawaru was extremely pleased with you.
You visited 10 branches of the dungeon, and saw 49 of its levels.
You visited the Abyss 1 time.
You visited 1 bazaar.
You also visited: Ossuary, Bailey, Gauntlet, Ice Cave and Wizlab.

You collected 7393 gold pieces.
You spent 1651 gold pieces at shops.


Innate Abilities, Weirdness & Mutations

You are too large for most types of armour.
You have tough skin. (AC +1)
You are agile. (Dex +4, Str/Int -1)
You are frail. (-10% HP)
You are strong-willed. (Will+)


   Skills:
 + Level 20.2 Fighting
 - Level 22.1 Maces & Flails
 + Level 13.1 Throwing
 + Level 19.8 Armour
 + Level 17.0 Dodging
 - Level 10.0 Spellcasting
 + Level 15.9 Translocations
 - Level 6.0 Air Magic
 + Level 14.2 Invocations
 + Level 8.7 Evocations


You had 25 spell levels left.
You knew the following spells:

 Your Spells              Type           Power      Damage    Failure   Level
a - Blink                 Tloc           100%       N/A       1%          2
b - Apportation           Tloc           100%       N/A       1%          1
c - Manifold Assault      Tloc           58%        N/A       2%          4
d - Lesser Beckoning      Tloc           100%       N/A       1%          3
e - Passage of Golubria   Tloc           58%        N/A       2%          4
f - Vhi's Electric Charg  Tloc/Air       90%        N/A       5%          3
g - Gell's Gravitas       Tloc           58%        N/A       1%          3

Your spell library contained the following spells:

 Spells                   Type           Power      Damage    Failure   Level
 Teleport Other           Tloc           58%        N/A       1%          3
 Momentum Strike          Conj/Tloc      70%        3d9       10%         2
 Kindle Blastsparks       Fire/Tloc/Air  66%        2d15      24%         3
 Dispersal                Tloc           29%        N/A       34%         6
 Swiftness                Air            28%        N/A       38%         3
 Shock                    Conj/Air       72%        1d7       43%         1
 Poisonous Vapours        Pois/Air       36%        N/A       56%         2
 Cigotuvi's Dreadful Rot  Necr/Pois/Air  30%        N/A       71%         2
 Beastly Appendage        Tmut           16%        N/A       85%         1
 Foxfire                  Conj/Fire      32%        2x1d5     85%         1
 Kiss of Death            Conj/Necr      32%        2d7       85%         1
 Magic Dart               Conj           32%        1d4       85%         1
 Slow                     Hex            32%        N/A       85%         1
 Ensorcelled Hibernation  Hex/Ice        16%        N/A       94%         2
 Passwall                 Tmut/Erth      6%         N/A       94%         2
 Scorch                   Fire           16%        2d6       94%         2
 Searing Ray              Conj           16%        2d5       94%         2
 Confusing Touch          Hex            8%         N/A       99%         3
 Hailstorm                Conj/Ice       8%         3d4       99%         3
 Ignite Poison            Fire/Tmut/Pois 8%         N/A       99%         3
 Vampiric Draining        Necr           8%         2d6       99%         3
 Dispel Undead            Necr           8%         3d8       100%        4
 Flame Wave               Conj/Fire      8%         2d5       100%        4
 Fulminant Prism          Conj/Hex       4%         3d5       100%        4
 Ice Form                 Ice/Tmut       8%         N/A       100%        4
 Leda's Liquefaction      Hex/Erth       4%         N/A       100%        4
 Olgreb's Toxic Radiance  Pois           8%         N/A       100%        4
 Sticky Flame             Conj/Fire      8%         2d3       100%        4
 Agony                    Necr           8%         N/A       100%        5
 Alistair's Intoxication  Tmut/Pois      5%         N/A       100%        5
 Arcjolt                  Conj/Air       9%         1d19      100%        5
 Fireball                 Conj/Fire      4%         3d4       100%        5
 Freezing Cloud           Conj/Ice/Air   7%         6-21      100%        5
 Irradiate                Conj/Tmut      4%         3d13      100%        5
 Iskenderun's Battlesphe  Conj           8%         2d6       100%        5
 Metabolic Englaciation   Hex/Ice        4%         N/A       100%        5
 Silence                  Hex/Air        9%         N/A       100%        5
 Yara's Violent Unravell  Hex/Tmut       4%         3d4       100%        5
 Iron Shot                Conj/Erth      4%         9d2       100%        6
 Starburst                Conj/Fire      4%         6d3       100%        6
 Statue Form              Tmut/Erth      5%         N/A       100%        6
 Orb of Destruction       Conj           4%         9d5       100%        7
 Ozocubu's Refrigeration  Ice            4%         4d8       100%        7
 Storm Form               Tmut/Air       9%         N/A       100%        7
 Borgnjor's Revivificati  Necr           4%         N/A       100%        8
 Disjunction              Tloc           29%        N/A       100%        8
 Ignition                 Fire           4%         3d4       100%        8
 Lehudib's Crystal Spear  Conj/Erth      4%         10d3      100%        8
 Maxwell's Capacitive Co  Air            14%        ∞         100%        8
 Necromutation            Tmut/Necr      4%         N/A       100%        8
 Death's Door             Necr           4%         N/A       100%        9
 Shatter                  Erth           4%         3d7*      100%        9
 Summon Guardian Golem    Hex/Summ       Unusable   N/A       N/A         3
 Tukima's Dance           Hex            Unusable   N/A       N/A         3
 Animate Armour           Summ/Erth      Unusable   N/A       N/A         4
 Summon Mana Viper        Hex/Summ       Unusable   N/A       N/A         5
 Death Channel            Necr           Unusable   N/A       N/A         6
 Simulacrum               Ice/Necr       Unusable   N/A       N/A         6
 Summon Cactus Giant      Summ           Unusable   N/A       N/A         6
 Spellforged Servitor     Conj/Summ      Unusable   N/A       N/A         7
 Summon Hydra             Summ           Unusable   N/A       N/A         7

Inventory:

Hand Weapons
 a - a +9 spectral giant spiked club (weapon)
   (Okawaru gifted it to you on level 1 of the Lair of Beasts)
Missiles
 g - 8 silver javelins
 l - 12 curare-tipped darts
 m - 3 throwing nets
 u - 15 boomerangs
 x - 2 silver boomerangs (quivered)
 G - 25 javelins
Armour
 y - +10 gold dragon scales (worn)
   (You found it on level 4 of the Swamp)
 A - a +1 cloak of willpower (worn)
   (Okawaru gifted it to you on level 2 of the Crypt)
 E - the +3 hat of Absence (worn) {Dex+3}
   (You acquired it on level 2 of the Lair of Beasts)

   Dex:       It affects your dexterity (+3).
Jewellery
 r - an amulet of the acrobat (around neck)
   (You took it off a deep elf demonologist on level 3 of the Elven Halls)
 F - a ring of willpower
   (You took it off a kobold on level 2 of the Dungeon)
 H - the ring "Lugilyri" (left hand) {rElec SInv}
   (You took it off a minotaur in a Gauntlet)

   [ring of see invisible]

   rElec:     It insulates you from electricity.
   SInv:      It lets you see invisible.
 N - a ring of resist corrosion
   (You found it on level 7 of the Dungeon)
 X - a ring of positive energy (right hand)
   (You found it on level 3 of the Swamp)
Wands
 t - a wand of digging (12)
   (You took it off Maurice on level 8 of the Dungeon)
 B - a wand of light (32)
   (You found it on level 4 of the Dungeon)
 J - a wand of iceblast (25)
   (You found it on level 1 of the Spider Nest)
 Y - a wand of mindburst (17)
   (You found it on level 3 of the Spider Nest)
Scrolls
 c - 9 scrolls of blinking
 e - a scroll of amnesia
 f - 3 scrolls of silence
 j - a scroll of enchant weapon
 C - 7 scrolls of fog
 D - 17 scrolls of teleportation
 M - 8 scrolls of fear
 O - 5 scrolls of noise
 P - 5 scrolls of magic mapping
 T - 7 scrolls of poison
Potions
 b - 11 potions of mutation
 d - 2 potions of resistance
 i - 5 potions of invisibility
 o - 9 potions of flight
 p - 12 potions of might
 s - 6 potions of cancellation
 w - 11 potions of heal wounds
 L - 7 potions of haste
 Q - 5 potions of lignification
 R - 13 potions of ambrosia
 S - 5 potions of magic
 U - 10 potions of brilliance
 W - 25 potions of curing
Miscellaneous
 k - a lightning rod (4/4)
   (You found it on level 1 of the Elven Halls)
 z - a condenser vane
   (You found it on level 2 of the Swamp)
 V - a tin of tremorstones (2/2)
   (You found it on level 2 of the Swamp)
 Z - a phial of floods
   (You found it on level 3 of the Elven Halls)

Dungeon Overview and Level Annotations

Branches:
Dungeon (15/15)            Temple (0/1) D:7            Lair (5/5) D:9
  Swamp (4/4) Lair:3       Spider (4/4) Lair:2        Slime (0/5) Lair:5
    Orc (2/2) D:12            Elf (3/3) Orc:2        Vaults (4/5) D:14
  Crypt (3/3) Vaults:3       Tomb (0/3) Crypt:3      Depths (4/4) D:15
    Zot (5/5) Depths:4    Ossuary (visited)          Bailey (visited)
  IceCv (visited)          WizLab (visited)         Gauntlet (visited)

Altars:
Ashenzari
Cheibriados
Dithmenos
Fedhas
Gozag
Hepliaklqana
Kikubaaqudgha
Makhleb
Nemelex Xobeh
Okawaru
Qazlal
Ru
Trog
Vehumet
Xom
Yredelemnul
Zin
The Shining One

Shops:
D:2 !   D:6 :   D:11 :   Orc:2 *:?   Elf:2 [   Elf:3 [

Portals:
Hell: Depths:1 Depths:2 Depths:3 Depths:4
Abyss: Depths:2 Depths:3 Depths:4
Pandemonium: Depths:1 Depths:2
Ziggurat: Depths:4

Annotations:
Elf:2 3 runed translucent doors
Vaults:5 ! DANGER
Zot:1 2 transporters, cforsyth's ghost, veteran HOMo

#.....#....###
#.###.....####
######...##...#
##.######....## ##
##..##.#)## ##....#
#..##..# .#
##.##.##.###.###.#
#.####.# .#
#.##.###.#.## #>###.#
#.. .## #...## ##(##
##..##.# ### ..##
#..#.###.#.###.#.##.#
#.^#
#####.#.#.#.#.##.#..#
##.#####
##.#.@.#.###.#.##
#.....#
##.#.#.#.#.##...#
#####.#
##.###.#.###.#..##
#.###.## ##.## ##...#
#...#..###.#.## #...#
###.....#.###.####..#
####...## ##.##..##
#...#####.....#
##.....###..#.#


There were no monsters in sight!


Message History

The Killer Klown is almost dead.
Your +9 spectral giant spiked club hits the Killer Klown!!
You kill the Killer Klown!
Okawaru accepts your kill.
You feel your dexterity returning.
You swap places.
Things that are here:
a +11 vampiric club; a Killer Klown corpse You see here a +11 club.
Your hearing returns.
There is a stone staircase leading up, spattered with blood here.
You see here +0 storm dragon scales.
You climb upwards.
There is a stone staircase leading down here.
You start resting.
HP restored.
You climb downwards.
There is a stone staircase leading up, spattered with blood here.
You see here +0 storm dragon scales.
You see here a +11 club.
You see here a +2 robe of cold resistance.
You see here a +9 club of venom.
You see here a +0 glaive.
A moth of wrath comes into view.
The moth of wrath's fur bristles in rage as it notices you.
The moth of wrath closely misses you.
You puncture the moth of wrath!
The moth of wrath is lightly wounded.
Your +9 spectral giant spiked club hits the moth of wrath!!
The moth of wrath bites you but does no damage.
You pound the moth of wrath like an anvil!!!
You kill the moth of wrath!
Okawaru accepts your kill.
Casting: Apportation (safe; 1% risk of failure)
Confirm with . or Enter, or press ? or * to list all spells.
Aiming: Apportation (safe; 1% risk of failure)
Press: ? - help, Dir - move target Apport: a javelin Yoink!
You pull the item towards yourself.
G - 22 javelins (gained 1)
You start resting.
Magic restored.
Casting: Apportation (safe; 1% risk of failure)
Confirm with . or Enter, or press ? or * to list all spells.
Aiming: Apportation (safe; 1% risk of failure)
Press: ? - help, Dir - move target Apport: 3 javelins Yoink!
You pull the items towards yourself.
Casting: Apportation (safe; 1% risk of failure)
Confirm with . or Enter, or press ? or * to list all spells.
Aiming: Apportation (safe; 1% risk of failure)
Press: ? - help, Dir - move target Apport: a javelin Yoink!
You pull the item towards yourself.
G - 26 javelins (gained 4)
Things that are here:
a scroll of identify; a +0 trident; a purple draconian skeleton
Items here: ) ? [ ÷.
Okay, then.
You see here a staff of cold.
Items here: ))) [ ÷÷.
Okay, then.
An ancient lich comes into view.
The ancient lich shouts!
You see here a +0 glaive.
Items here: ))) [ ÷÷.
Things that are here:
a scroll of identify; a +0 trident; a purple draconian skeleton
Things that are here:
a scroll of identify; a +0 trident; a purple draconian skeleton Throw: 4 boomerangs (silver)
Press: ? - help, Q - select action, (/) - cycle Shift-Dir - straight line, f - ancient lich
Aim: an ancient lich (72% to hit)
You throw a silver boomerang.
The silver boomerang hits the ancient lich!
The ancient lich is lightly damaged.
You barely miss the ancient lich.
The ancient lich is lightly damaged.
Your +9 spectral giant spiked club hits the ancient lich!
You hit the ancient lich but do no damage.
The ancient lich is lightly damaged.
Your +9 spectral giant spiked club hits the ancient lich!!
The ancient lich casts a spell at you. The bolt of acid misses you.
You sock the ancient lich!
The ancient lich is heavily damaged.
Your +9 spectral giant spiked club hits the ancient lich!!!
The ancient lich casts a spell at your +9 spectral giant spiked club.
The crystal spear hits your +9 spectral giant spiked club!!
Your spectral weapon shares its damage with you!
You catch the helpless ancient lich completely off-guard!
You perforate the ancient lich like a sieve!!!
You destroy the ancient lich!
Okawaru accepts your kill.
You start resting.
An ancient lich comes into view.
Throw: 4 boomerangs (silver)
Press: ? - help, Q - select action, (/) - cycle Shift-Dir - straight line, f - ancient lich
Aim: an ancient lich (72% to hit)
You throw a silver boomerang.
The silver boomerang hits the ancient lich but does no damage.
The ancient lich is lightly damaged.
The ancient lich casts a spell.
The ancient lich flickers and vanishes for a moment.
Throw: 4 boomerangs (silver)
Press: ? - help, Q - select action, (/) - cycle Shift-Dir - straight line, f/p - ancient lich
Aim: an ancient lich (slightly transparent, 72% to hit)
You throw a silver boomerang.
The silver boomerang hits the ancient lich but does no damage.
The ancient lich is lightly damaged.
You bludgeon the ancient lich!!
The ancient lich is moderately damaged.
Your +9 spectral giant spiked club barely misses the ancient lich.
The ancient lich touches you but does no damage.
A tentacled monstrosity comes into view.
You impale the ancient lich!!
The ancient lich is heavily damaged.
Your +9 spectral giant spiked club barely misses the ancient lich.
You barely miss the ancient lich.
The ancient lich is heavily damaged.
Your +9 spectral giant spiked club hits the ancient lich!
The ancient lich touches your +9 spectral giant spiked club!
Your spectral weapon shares its damage with you!
You bludgeon the ancient lich!!
The ancient lich is severely damaged.
Your +9 spectral giant spiked club hits the ancient lich!!
You destroy the ancient lich!
Okawaru accepts your kill.
You feel your strength returning.
You perforate the tentacled monstrosity like a sieve!!!!
The tentacled monstrosity is severely wounded.
Your +9 spectral giant spiked club hits the tentacled monstrosity!!!
You perforate the tentacled monstrosity like a sieve!!!
You kill the tentacled monstrosity!
Okawaru accepts your kill.
You feel your strength returning.
Your Fighting skill increases to level 20!
Your Invocations skill increases to level 14!
You start resting.
HP restored.
Items here: ))) [ ÷÷.
You see here a +0 glaive.
Save game and exit?
Welcome back, scionoferis the Ogre Warper.
Okawaru says: Bring me glory in combat!
Press ? for a list of commands and other information.
The Orb Guardian disappears!
An Orb Guardian comes into view.
Found a short sword.
You impale the Orb Guardian!!
The Orb Guardian is heavily wounded.
Your +9 spectral giant spiked club misses the Orb Guardian.
The Orb Guardian hits you but does no damage.
You crush the Orb Guardian like a grape!!!
You kill the Orb Guardian!
Okawaru accepts your kill.
An electric golem comes into view.
A Killer Klown comes into view. It is wielding a +8 vampiric club.
The Killer Klown shouts!
The electric golem hurls lightning at you.
The bolt of lightning hits you! You resist.
The Killer Klown blinks!
The electric golem hurls lightning at you.
The bolt of lightning misses you.
The Killer Klown moves out of view.
You hear a shout!
An Orb Guardian comes into view.
The electric golem hurls lightning at you.
The bolt of lightning misses you.
You barely miss the electric golem.
Your +9 spectral giant spiked club misses the electric golem.
The electric golem hits you but does no damage. x2
The electric golem hits you. The electric golem barely misses you.
You completely miss the electric golem.
Your +9 spectral giant spiked club hits the electric golem.
The electric golem hits you! The electric golem shocks you. You resist.
The electric golem hits you but does no damage. x2
The electric golem hits you.
The Killer Klown blinks!
You impale the electric golem!!
The electric golem is moderately damaged.
Your +9 spectral giant spiked club hits the electric golem!!
The electric golem misses your +9 spectral giant spiked club.
The electric golem hits your +9 spectral giant spiked club but does no damage. x2
The electric golem hits your +9 spectral giant spiked club.
Your spectral weapon shares its damage with you!
The electric golem hits your +9 spectral giant spiked club.
Your spectral weapon shares its damage with you!
The electric golem shocks your +9 spectral giant spiked club.
Your +9 spectral giant spiked club resists.
Your spectral weapon shares its damage with you!
The electric golem closely misses your +9 spectral giant spiked club.
The electric golem hits your +9 spectral giant spiked club.
Your spectral weapon shares its damage with you!
The electric golem hits your +9 spectral giant spiked club!
Your spectral weapon shares its damage with you!
Your +9 spectral giant spiked club fades away.
You catch the helpless electric golem completely off-guard!
You hammer the electric golem like a gong!!!
The electric golem is almost destroyed.
Your +9 spectral giant spiked club misses the electric golem.
The electric golem hurls lightning at you.
The bolt of lightning hits you! You resist.
You closely miss the electric golem.
The electric golem is almost destroyed.
Your +9 spectral giant spiked club barely misses the electric golem.
The Orb Guardian hits your +9 spectral giant spiked club!
Your spectral weapon shares its damage with you!
The electric golem hits you but does no damage.
The electric golem hits you. The electric golem shocks you. You resist.
The electric golem hits you but does no damage. x2
You closely miss the electric golem.
The electric golem is almost destroyed.
Your +9 spectral giant spiked club misses the electric golem.
The Orb Guardian hits your +9 spectral giant spiked club!!
Your spectral weapon shares its damage with you!
Your +9 spectral giant spiked club fades away.
The electric golem hits you but does no damage.
The electric golem barely misses you. The electric golem hits you. x2
You miss the electric golem.
The electric golem is almost destroyed.
Your +9 spectral giant spiked club hits the electric golem.
The electric golem hits you but does no damage. x2
The electric golem closely misses you. The electric golem hits you.
Unknown command.
You closely miss the electric golem.
The electric golem is almost destroyed.
Your +9 spectral giant spiked club hits the electric golem!!!
You destroy the electric golem!
Okawaru accepts your kill.
You puncture the Orb Guardian!
The Orb Guardian is lightly wounded.
Your +9 spectral giant spiked club closely misses the Orb Guardian.
The Orb Guardian hits you but does no damage.
You bludgeon the Orb Guardian!!
The Orb Guardian is heavily wounded.
Your +9 spectral giant spiked club barely misses the Orb Guardian.
The Orb Guardian hits you but does no damage.
You hit the Orb Guardian.
The Orb Guardian is heavily wounded.
Your +9 spectral giant spiked club hits the Orb Guardian!!
The Orb Guardian hits you but does no damage.
You completely miss the Orb Guardian.
The Orb Guardian is severely wounded.
Your +9 spectral giant spiked club completely misses the Orb Guardian.
The Orb Guardian hits you!
You impale the Orb Guardian!!
You kill the Orb Guardian!
Okawaru accepts your kill. Okawaru grants you armour!
Something appears at your feet!
You see here +1 gold dragon scales.
The Killer Klown trip-wires you but does no damage.
You impale the Killer Klown!!
The Killer Klown is moderately wounded.
Your +9 spectral giant spiked club barely misses the Killer Klown.
The Killer Klown barely misses you.
You completely miss the Killer Klown.
The Killer Klown is moderately wounded.
Your +9 spectral giant spiked club hits the Killer Klown!
You barely miss the Killer Klown.
The Killer Klown is moderately wounded.
Your +9 spectral giant spiked club misses the Killer Klown.
The Killer Klown karate-kicks you with a +8 vampiric club!
The Killer Klown draws strength from your wounds!
You miss the Killer Klown.
The Killer Klown is moderately wounded.
Your +9 spectral giant spiked club closely misses the Killer Klown.
The Killer Klown pounds you but does no damage.
You skewer the Killer Klown like a kebab!!!
The Killer Klown is severely wounded.
Your +9 spectral giant spiked club hits the Killer Klown!!!
You kill the Killer Klown!
Okawaru accepts your kill.
You feel your strength returning.
Press: ? - help, v - describe, . - travel, g - get item
Items here: a +8 vampiric club; a Killer Klown corpse.
The floor, spattered with blood.
You start resting.
HP restored.
Things that are here:
a +8 vampiric club; a Killer Klown corpse Char dumped successfully.
You are acrobatic and have increased evasion.
You are studying Stealth and Translocations.
Your movement speed is average.
Your attack delay is about 0.7 (and cannot be improved with additional weapon skill).
Your damage rating with your +9 spectral giant spiked club is about 69 (Base 22 x 142% (Str) x 192% (Skill) + 9 (Ench)).
Your base attributes are Str 24, Int 18, Dex 10.
Unknown command.
Found 24 gold pieces.
An Orb Guardian comes into view.
The Orb Guardian completely misses you.
You beat the Orb Guardian like a drum!!!
The Orb Guardian is severely wounded.
Your +9 spectral giant spiked club barely misses the Orb Guardian.
You hear a shout!
The Orb Guardian hits you!!
You hit the Orb Guardian but do no damage.
The Orb Guardian is severely wounded.
Your +9 spectral giant spiked club hits the Orb Guardian!
The Orb Guardian hits you!!
You perforate the Orb Guardian like a sieve!!!
You kill the Orb Guardian!
Okawaru accepts your kill.
You start resting.
An ancient lich comes into view.
Throw: 26 javelins
Press: ? - help, Q - select action, (/) - cycle Shift-Dir - straight line, f - ancient lich
Aim: an ancient lich (73% to hit)
You throw a javelin.
The javelin pierces through the ancient lich!
The ancient lich is lightly damaged.
Throw: 25 javelins
Press: ? - help, Q - select action, (/) - cycle Shift-Dir - straight line, f/p - ancient lich
Aim: an ancient lich (lightly damaged, 73% to hit)
You throw a javelin.
The javelin pierces through the ancient lich but does no damage.
The ancient lich is lightly damaged.
The ancient lich points at you and mumbles some strange words.
You resist with almost no effort.
Throw: 24 javelins
Press: ? - help, Q - select action, (/) - cycle Shift-Dir - straight line, f/p - ancient lich
Aim: an ancient lich (lightly damaged, 73% to hit)
You throw a javelin.
The javelin pierces through the ancient lich but does no damage.
The ancient lich is lightly damaged.
Throw: 23 javelins
Press: ? - help, Q - select action, (/) - cycle Shift-Dir - straight line, f/p - ancient lich
Aim: an ancient lich (lightly damaged, 73% to hit)
You throw a javelin.
The javelin pierces through the ancient lich but does no damage.
The ancient lich is lightly damaged.
The ancient lich mumbles some strange words.
The ancient lich seems to speed up.
Throw: 22 javelins
Press: ? - help, Q - select action, (/) - cycle Shift-Dir - straight line, f/p - ancient lich
Aim: an ancient lich (lightly damaged, fast, 73% to hit)
You throw a javelin.
The javelin pierces through the ancient lich but does no damage.
The ancient lich is lightly damaged.
Throw: 21 javelins
Press: ? - help, Q - select action, (/) - cycle Shift-Dir - straight line, f/p - ancient lich
Aim: an ancient lich (lightly damaged, fast, 73% to hit)
You throw a javelin.
The javelin pierces through the ancient lich!
The ancient lich is lightly damaged.
Throw: 20 javelins
Press: ? - help, Q - select action, (/) - cycle Shift-Dir - straight line, f/p - ancient lich
Aim: an ancient lich (lightly damaged, fast, 73% to hit)
You throw a javelin.
The javelin pierces through the ancient lich.
The ancient lich is moderately damaged.
Throw: 19 javelins
Press: ? - help, Q - select action, (/) - cycle Shift-Dir - straight line, f/p - ancient lich
Aim: an ancient lich (moderately damaged, fast, 73% to hit)
You throw a javelin.
The javelin pierces through the ancient lich!!
The ancient lich is moderately damaged.
You beat the ancient lich like a drum!!!
The ancient lich is almost destroyed.
Your +9 spectral giant spiked club hits the ancient lich!!
You destroy the ancient lich!
Okawaru accepts your kill.
Your Dodging skill increases to level 17!
Cast which spell? (? or * to list)
Aiming: Apportation (safe; 1% risk of failure)
Press: ? - help, Dir - move target Apport: 7 javelins Yoink!
You pull the items towards yourself.
Casting: Apportation (safe; 1% risk of failure)
Confirm with . or Enter, or press ? or * to list all spells.
Aiming: Apportation (safe; 1% risk of failure)
Press: ? - help, Dir - move target Apport: 24 gold pieces Yoink!
You pull the items towards yourself.
G - 25 javelins (gained 7)
You now have 5742 gold pieces (gained 24).
You start resting.
A ghost moth comes into view.
Throw: 25 javelins
Press: ? - help, Q - select action, (/) - cycle Shift-Dir - straight line, f - ghost moth
Aim: a ghost moth (slightly transparent, 73% to hit)
You throw a javelin.
The javelin pierces through the ghost moth!
The ghost moth is lightly wounded.
Throw: 24 javelins
Press: ? - help, Q - select action, (/) - cycle Shift-Dir - straight line, f/p - ghost moth
Aim: a ghost moth (lightly wounded, slightly transparent, 73% to hit)
You throw a javelin.
The javelin pierces through the ghost moth!!
The ghost moth is severely wounded.
The ghost moth stares at you.
You feel your power leaking away.
Throw: 23 javelins
Press: ? - help, Q - select action, (/) - cycle Shift-Dir - straight line, f/p - ghost moth
Aim: a ghost moth (heavily wounded, slightly transparent, 73% to hit)
You throw a javelin.
The javelin pierces through the ghost moth!
The ghost moth is severely wounded.
The ghost moth stares at you.
You feel your power leaking away.
Throw: 22 javelins
Press: ? - help, Q - select action, (/) - cycle Shift-Dir - straight line, f/p - ghost moth
Aim: a ghost moth (heavily wounded, slightly transparent, 73% to hit)
You throw a javelin.
The javelin pierces through the ghost moth.
The ghost moth is heavily wounded.
The ghost moth stares at you.
You feel your power leaking away.
Throw: 21 javelins
Press: ? - help, Q - select action, (/) - cycle Shift-Dir - straight line, f/p - ghost moth
Aim: a ghost moth (heavily wounded, slightly transparent, 73% to hit)
You throw a javelin.
The javelin barely misses the ghost moth.
The ghost moth stares at you.
You feel your power leaking away.
Throw: 20 javelins
Press: ? - help, Q - select action, (/) - cycle Shift-Dir - straight line, f/p - ghost moth
Aim: a ghost moth (heavily wounded, slightly transparent, 73% to hit)
You throw a javelin.
The javelin pierces through the ghost moth!!
The ghost moth is almost dead.
The ghost moth stares at you.
You feel your power leaking away.
You puncture the ghost moth!
You kill the ghost moth!
Okawaru accepts your kill.
An orb of fire comes into view.
You feel your strength returning.
You gain the combat prowess of a mighty hero.
Throw: 8 javelins (silver)
Press: ? - help, Q - select action, (/) - cycle Shift-Dir - straight line, f - orb of fire
Aim: an orb of fire (53% to hit, chaotic)
You throw a silver javelin.
The silver javelin pierces through the orb of fire!
The silver sears the orb of fire!
The orb of fire is lightly damaged.
The orb of fire glows yellow.
Strange energies course through your body.
You feel frail.
Throw: 7 javelins (silver)
Press: ? - help, Q - select action, (/) - cycle Shift-Dir - straight line, f/p - orb of fire
Aim: an orb of fire (lightly damaged, 53% to hit, chaotic)
You throw a silver javelin.
The silver javelin pierces through the orb of fire but does no damage.
The silver sears the orb of fire!
The orb of fire is lightly damaged.
The orb of fire glows deep purple.
The fireball explodes!
The fireball engulfs you!! You resist.
Throw: 6 javelins (silver)
Press: ? - help, Q - select action, (/) - cycle Shift-Dir - straight line, f/p - orb of fire
Aim: an orb of fire (lightly damaged, 53% to hit, chaotic)
You throw a silver javelin.
The silver javelin pierces through the orb of fire!!
The silver sears the orb of fire!
The orb of fire is moderately damaged.
Throw: 5 javelins (silver)
Press: ? - help, Q - select action, (/) - cycle Shift-Dir - straight line, f/p - orb of fire
Aim: an orb of fire (moderately damaged, 53% to hit, chaotic)
You throw a silver javelin.
The silver javelin pierces through the orb of fire!!!
The silver sears the orb of fire!
The orb of fire is severely damaged.
The orb of fire glows bright magenta.
The bolt of fire hits you! You resist.
Throw: 4 javelins (silver)
Press: ? - help, Q - select action, (/) - cycle Shift-Dir - straight line, f/p - orb of fire
Aim: an orb of fire (severely damaged, 53% to hit, chaotic)
You throw a silver javelin.
The silver javelin pierces through the orb of fire!!
The silver sears the orb of fire!
You destroy the orb of fire!
Okawaru accepts your kill.
Your base Throwing skill increases to level 13!
Casting: Apportation (safe; 1% risk of failure)
Confirm with . or Enter, or press ? or * to list all spells.
Aiming: Apportation (safe; 1% risk of failure)
Press: ? - help, Dir - move target Apport: 5 silver javelins Yoink!
You pull the items towards yourself.
Casting: Apportation (safe; 1% risk of failure)
Confirm with . or Enter, or press ? or * to list all spells.
You don't have enough magic to cast this spell.
g - 8 silver javelins (gained 5)
You see here +1 gold dragon scales.
You start resting.
You feel like a meek peon again.
You start resting.
HP restored.
You start resting.
Magic restored.
Casting: Apportation (safe; 1% risk of failure)
Confirm with . or Enter, or press ? or * to list all spells.
Aiming: Apportation (safe; 1% risk of failure)
Press: ? - help, Dir - move target Apport: 6 javelins Yoink!
You pull the items towards yourself.
G - 25 javelins (gained 6)
Found a scale mail.
Done exploring.
You see here the Orb of Zot.
You see here a +0 glaive.
A dread lich comes into view.
The dread lich shouts!
The dread lich fails to trigger a net trap.
Throw: 25 javelins
Press: ? - help, Q - select action, (/) - cycle Shift-Dir - straight line, f - dread lich
Aim: a dread lich (73% to hit)
You throw a javelin.
The javelin pierces through the dread lich but does no damage.
The dread lich casts a spell at you. You resist with almost no effort.
Throw: 24 javelins
Press: ? - help, Q - select action, (/) - cycle Shift-Dir - straight line, f/p - dread lich
Aim: a dread lich (73% to hit)
You throw a javelin.
The javelin pierces through the dread lich but does no damage.
Unknown command.
Throw: 23 javelins
Press: ? - help, Q - select action, (/) - cycle Shift-Dir - straight line, f/p - dread lich
Aim: a dread lich (73% to hit)
You throw a javelin.
The javelin pierces through the dread lich.
The dread lich is lightly damaged.
Throw: 22 javelins
Press: ? - help, Q - select action, (/) - cycle Shift-Dir - straight line, f/p - dread lich
Aim: a dread lich (lightly damaged, 73% to hit)
You throw a javelin.
The javelin pierces through the dread lich!!!
The dread lich is moderately damaged.
The dread lich points at you and mumbles some strange words.
You suddenly lose the ability to move!
You can move again.
Throw: 21 javelins
Press: ? - help, Q - select action, (/) - cycle Shift-Dir - straight line, f/p - dread lich
Aim: a dread lich (moderately damaged, 73% to hit)
You throw a javelin.
The javelin pierces through the dread lich.
The dread lich is moderately damaged.
You barely miss the dread lich.
The dread lich is moderately damaged.
Your +9 spectral giant spiked club hits the dread lich!
The dread lich touches you but does no damage.
You perforate the dread lich like a sieve!!!
The dread lich is almost destroyed.
Your +9 spectral giant spiked club hits the dread lich!
The dread lich casts a spell.
The dread lich seems to speed up.
You closely miss the dread lich.
The dread lich is almost destroyed.
Your +9 spectral giant spiked club hits the dread lich!!!
You destroy the dread lich!
Okawaru is honoured by your kill.
Casting: Apportation (safe; 1% risk of failure)
Confirm with . or Enter, or press ? or * to list all spells.
Aiming: Apportation (safe; 1% risk of failure)
Press: ? - help, Dir - move target Apport: 5 javelins Yoink!
You pull the items towards yourself.
G - 25 javelins (gained 5)
You see here a +0 glaive.
You see here a +9 club of venom.
You see here a +2 robe of cold resistance.
You see here a +11 club.
Things that are here:
a +0 hand axe; a +0 war axe
There is a stone staircase leading up, spattered with blood here.
You see here +0 storm dragon scales.
There is an escape hatch in the ceiling here.
A Killer Klown comes into view. It is wielding a +10 vorpal club.
Throw: 4 boomerangs (silver)
Press: ? - help, Q - select action, (/) - cycle Shift-Dir - straight line, f - Killer Klown
Aim: a Killer Klown, wielding a +10 vorpal club (wandering, hasn't noticed you, 60% to hit, chaotic)
You throw a silver boomerang. The Killer Klown shouts!
The silver boomerang hits the Killer Klown!
The silver sears the Killer Klown!
The Killer Klown is lightly wounded.
Throw: 4 boomerangs (silver)
Press: ? - help, Q - select action, (/) - cycle Shift-Dir - straight line, f/p - Killer Klown
Aim: a Killer Klown, wielding a +10 vorpal club (lightly wounded, 60% to hit, chaotic)
You throw a silver boomerang.
The silver boomerang hits the Killer Klown!
The silver sears the Killer Klown!
The Killer Klown is lightly wounded.
Throw: 4 boomerangs (silver)
Press: ? - help, Q - select action, (/) - cycle Shift-Dir - straight line, f/p - Killer Klown
Aim: a Killer Klown, wielding a +10 vorpal club (lightly wounded, 60% to hit, chaotic)
You throw a silver boomerang.
The silver boomerang hits the Killer Klown.
The silver sears the Killer Klown!
The Killer Klown is lightly wounded.
Throw: 4 boomerangs (silver)
Press: ? - help, Q - select action, (/) - cycle Shift-Dir - straight line, f/p - Killer Klown
Aim: a Killer Klown, wielding a +10 vorpal club (lightly wounded, 60% to hit, chaotic)
You throw a silver boomerang.
The silver boomerang hits the Killer Klown.
The silver sears the Killer Klown!
The Killer Klown is moderately wounded.
Throw: 4 boomerangs (silver)
Press: ? - help, Q - select action, (/) - cycle Shift-Dir - straight line, f/p - Killer Klown
Aim: a Killer Klown, wielding a +10 vorpal club (lightly wounded, 60% to hit, chaotic)
You throw a silver boomerang.
The silver boomerang hits the Killer Klown!
The silver sears the Killer Klown!
The Killer Klown is heavily wounded.
The Killer Klown blinks!
Throw: 3 boomerangs (silver)
Press: ? - help, Q - select action, (/) - cycle Shift-Dir - straight line, f/p - Killer Klown
Aim: a Killer Klown, wielding a +10 vorpal club (heavily wounded, 60% to hit, chaotic)
You throw a silver boomerang.
The silver boomerang hits the Killer Klown!!
The silver sears the Killer Klown!
The Killer Klown is almost dead.
You impale the Killer Klown!!
You kill the Killer Klown!
Okawaru accepts your kill.
Things that are here:
a +10 vorpal club; a +0 rapier Done exploring.
Unknown command.
You see here a +11 club.
You see here a +2 robe of cold resistance.
You see here a +9 club of venom.
You see here a +0 glaive.
You see here a +0 glaive.
Really quaff the potion of mutation?
You feel extremely strange.
You feel more energetic.
You feel weaker.
Your thinking seems confused.
Your mouth lengthens and hardens into a beak!
Really quaff the potion of mutation?
You feel extremely strange.
Your beak shortens and softens into a mouth.
Your body's shape seems more normal.
You feel strong-willed.
You feel agile.
You start resting.
Magic restored.
You see here the Orb of Zot.
You feel yourself speed up.
You pick up the Orb of Zot!
The Orb lets out a hideous shriek!
The lords of Pandemonium are not amused.
Beware!
Now all you have to do is get back out of the dungeon!
You see here a +0 glaive.
Really walk into that permanent teleport trap?
You enter a permanent teleport trap!
Your surroundings suddenly seem different.
You see here a +0 glaive.
(D) Dungeon (T) Temple (L) Lair (S) Swamp (N) Spider Nest (M) Slime Pits (O) Orcish Mines (E) Elven Halls (V) Vaults (C) Crypt (W) Tomb (U) Depths (H) Hell (Z) Zot
Where to? (Enter - Zot:5 @ (x,y), ? - help)
What level of the Dungeon? (default 15, ? - help)
You see here a +9 club of venom.
You see here a +2 robe of cold resistance.
A lorocyproca comes into view.
You see here a +11 club.
Your extra speed is starting to run out.
A soul eater comes into view.
There is a stone staircase leading up, spattered with blood here.
You see here +0 storm dragon scales.
You climb upwards.
There is a stone staircase leading down here.
(D) Dungeon (T) Temple (L) Lair (S) Swamp (N) Spider Nest (M) Slime Pits (O) Orcish Mines (E) Elven Halls (V) Vaults (C) Crypt (W) Tomb (U) Depths (H) Hell (Z) Zot
Where to? (Enter - D:1 @ (x,y), ? - help)
What level of the Dungeon? (default 15, ? - help)
You feel yourself slow down.
There is a stone staircase leading up here.
You climb upwards.
There is a stone staircase leading down here.
There is an open door here.
There is a stone staircase leading up here.
You climb upwards.
There is a stone staircase leading down here.
You see here 7 stones.
A profane servitor comes into view. It is wielding a +3 whip of flaming.
You pound the profane servitor like an anvil!!!
The profane servitor is moderately damaged.
Your +9 spectral giant spiked club hits the profane servitor!!
You miss the profane servitor.
The profane servitor is heavily damaged.
Your +9 spectral giant spiked club closely misses the profane servitor.
The profane servitor barely misses you.
The profane servitor hits you with a +3 whip of flaming.
You completely miss the profane servitor.
The profane servitor is moderately damaged.
Your +9 spectral giant spiked club misses the profane servitor.
The profane servitor hits you but does no damage. x2
You completely miss the profane servitor.
The profane servitor is moderately damaged.
Your +9 spectral giant spiked club hits the profane servitor!
The profane servitor hits you but does no damage. x2
You crush the profane servitor like a grape!!!
The profane servitor is severely damaged.
Your +9 spectral giant spiked club hits the profane servitor.
The profane servitor hits your +9 spectral giant spiked club with a +3 whip of flaming!
Your spectral weapon shares its damage with you!
The profane servitor burns your +9 spectral giant spiked club.
Your spectral weapon shares its damage with you!
The profane servitor hits your +9 spectral giant spiked club with a +3 whip of flaming.
Your spectral weapon shares its damage with you!
You miss the profane servitor.
The profane servitor is severely damaged.
Your +9 spectral giant spiked club misses the profane servitor.
The profane servitor hits you but does no damage. x2
You closely miss the profane servitor.
The profane servitor is severely damaged.
Your +9 spectral giant spiked club barely misses the profane servitor.
The profane servitor barely misses you.
The profane servitor hits you but does no damage.
You miss the profane servitor.
The profane servitor is severely damaged.
Your +9 spectral giant spiked club hits the profane servitor!!
The profane servitor hits your +9 spectral giant spiked club with a +3 whip of flaming. x2
Your spectral weapon shares its damage with you!
An efreet comes into view.
It is wielding a +4 scimitar of flaming.
You strike the helpless profane servitor from behind!
You skewer the profane servitor like a kebab!!!
You destroy the profane servitor!
Okawaru accepts your kill. The efreet gestures at you.
The bolt of fire misses you.
You see here 2 boomerangs of dispersal.
The efreet gestures at you. The bolt of fire misses you.
There is an escape hatch in the ceiling here.
A mysterious force pulls you upwards. The hatch slams shut behind you.
Level annotation: 2 transporters, cforsyth's ghost, veteran HOMo
(D) Dungeon (T) Temple (L) Lair (S) Swamp (N) Spider Nest (M) Slime Pits (O) Orcish Mines (E) Elven Halls (V) Vaults (C) Crypt (W) Tomb (U) Depths (H) Hell (Z) Zot
Where to? (Enter - D:1 @ (x,y), ? - help)
What level of the Dungeon? (default 15, ? - help)
There is an open door here.
A soul eater comes into view.
You completely miss the soul eater.
Your +9 spectral giant spiked club barely misses the soul eater.
You puncture the soul eater!
The soul eater is lightly wounded.
Your +9 spectral giant spiked club barely misses the soul eater.
You impale the soul eater!!
The soul eater is heavily wounded.
Your +9 spectral giant spiked club completely misses the soul eater.
The soul eater misses you.
You sock the soul eater!
The soul eater is almost dead.
Your +9 spectral giant spiked club closely misses the soul eater.
The soul eater hits you! You partially resist.
You feel drained.
You impale the soul eater!!
You kill the soul eater!
Okawaru accepts your kill.
(D) Dungeon (T) Temple (L) Lair (S) Swamp (N) Spider Nest (M) Slime Pits (O) Orcish Mines (E) Elven Halls (V) Vaults (C) Crypt (W) Tomb (U) Depths (H) Hell (Z) Zot
Where to? (Enter - D:15, ? - help)
What level of the Dungeon? (default 15, ? - help)
A sixfirhy comes into view.
There is an open door here.
The sixfirhy moves out of view.
There is a stone staircase leading down here.
There is a gate leading back out of this place here.
The sixfirhy hits you but does no damage. x2
The sixfirhy barely misses you.
You go up through the gate.
Welcome back to the Depths!
There is a gate to the Realm of Zot here.
(D) Dungeon (T) Temple (L) Lair (S) Swamp (N) Spider Nest (M) Slime Pits (O) Orcish Mines (E) Elven Halls (V) Vaults (C) Crypt (W) Tomb (U) Depths (H) Hell (Z) Zot
Where to? (Enter - D:1 @ (x,y), ? - help)
What level of the Dungeon? (default 15, ? - help)
There is an open door, spattered with blood here.
You see here a +0 cloak.
An Orb Guardian comes into view.
Unknown command.
You feel yourself speed up.
There is an open gate here.
There is an open door here.
There is an open door, spattered with blood here.
You see here +0 fire dragon scales.
There is an open door here.
There is an open door here.
There is a stone staircase leading up here.
You climb upwards.
There is a stone staircase leading down here.
(D) Dungeon (T) Temple (L) Lair (S) Swamp (N) Spider Nest (M) Slime Pits (O) Orcish Mines (E) Elven Halls (V) Vaults (C) Crypt (W) Tomb (U) Depths (H) Hell (Z) Zot
Where to? (Enter - D:1 @ (x,y), ? - help)
What level of the Dungeon? (default 15, ? - help)
You see here a +1 rapier of protection.
There is a stone staircase leading up here.
You climb upwards.
There is a stone staircase leading down here.
There is a stone staircase leading up here.
You climb upwards.
Your extra speed is starting to run out.
There is a stone staircase leading down here.
You feel yourself slow down.
There is an open door here.
Ycu Dyos comes into view. It is armed with a distorting touch.
You feel yourself speed up.
A sixfirhy comes into view.
The sixfirhy moves out of view.
Things that are here:
a +0 plate armour; a +0 long sword
There is a staircase back to the Dungeon here.
You climb upwards.
Welcome back to the Dungeon!
There is a staircase to the Depths here.
(D) Dungeon (T) Temple (L) Lair (S) Swamp (N) Spider Nest (M) Slime Pits (O) Orcish Mines (E) Elven Halls (V) Vaults (C) Crypt (W) Tomb (U) Depths (H) Hell (Z) Zot
Where to? (Enter - D:1 @ (x,y), ? - help)
What level of the Dungeon? (default 1, ? - help)
There is an open door here.
A chaos spawn comes into view.
You sock the chaos spawn!
The chaos spawn is moderately wounded.
Your +9 spectral giant spiked club hits the chaos spawn!
The chaos spawn barely misses you.
You barely miss the chaos spawn.
The chaos spawn is almost dead.
Your +9 spectral giant spiked club closely misses the chaos spawn.
You barely miss the chaos spawn.
The chaos spawn is almost dead.
Your +9 spectral giant spiked club closely misses the chaos spawn.
The chaos spawn gores you but does no damage.
You stick the chaos spawn like a pincushion!!!
You kill the chaos spawn!
Okawaru accepts your kill.
The chaos spawn degenerates into a cloud of primal chaos!
(D) Dungeon (T) Temple (L) Lair (S) Swamp (N) Spider Nest (M) Slime Pits (O) Orcish Mines (E) Elven Halls (V) Vaults (C) Crypt (W) Tomb (U) Depths (H) Hell (Z) Zot
Where to? (Enter - D:1 @ (x,y), ? - help)
What level of the Dungeon? (default 1, ? - help)
There is a broken door, spattered with blood here.
You see here a +0 arbalest.
Your extra speed is starting to run out.
There is a stone staircase leading up here.
You climb upwards.
You feel yourself slow down.
There is a stone staircase leading down here.
A large abomination comes into view.
You sock the large abomination!
The large abomination is moderately damaged.
Your +9 spectral giant spiked club hits the large abomination!!
The large abomination hits you!
You perforate the large abomination like a sieve!!!
You destroy the large abomination!
Okawaru accepts your kill.
There is a stone staircase leading up, spattered with blood here.
(D) Dungeon (T) Temple (L) Lair (S) Swamp (N) Spider Nest (M) Slime Pits (O) Orcish Mines (E) Elven Halls (V) Vaults (C) Crypt (W) Tomb (U) Depths (H) Hell (Z) Zot
Where to? (Enter - D:1 @ (x,y), ? - help)
What level of the Dungeon? (default 1, ? - help)
You climb upwards.
There is a stone staircase leading down, spattered with blood here.
You see here a +0 dire flail.
There is an open door here.
There is a stone staircase leading up here.
You climb upwards.
There is a stone staircase leading down here.
HP restored.
There is a stone staircase leading up here.
You climb upwards.
There is a stone staircase leading down here.
There is a fountain of clear blue water here.
There is a fountain of clear blue water here.
There is a stone staircase leading up here.
You climb upwards.
There is a stone staircase leading down here.
There is a stone staircase leading up here.
You climb upwards.
There is a stone staircase leading down here.
There is an open door here.
There is a stone staircase leading up here.
You climb upwards.
There is a stone staircase leading down here.
A balrug comes into view.
It is wielding a +0 demon whip of freezing.
You hammer the balrug like a gong!!!
The balrug is severely wounded.
Your +9 spectral giant spiked club hits the balrug!
You flatten the balrug like a pancake!!!
You kill the balrug!
Okawaru accepts your kill.
(D) Dungeon (T) Temple (L) Lair (S) Swamp (N) Spider Nest (M) Slime Pits (O) Orcish Mines (E) Elven Halls (V) Vaults (C) Crypt (W) Tomb (U) Depths (H) Hell (Z) Zot
Where to? (Enter - D:1 @ (x,y), ? - help)
What level of the Dungeon? (default 1, ? - help) HP restored.
A demonspawn blood saint comes into view.
It is wielding a +0 dagger.
The demonspawn blood saint conjures a destructive force in the name of Makhleb!
The fireball explodes!
The fireball engulfs you!! You resist.
The ghostly flame explodes!
The ghostly fireball engulfs you! You partially resist.
You feel drained.
A demonspawn blood saint comes into view.
It is wielding a +0 quarterstaff.
A Hell Sentinel comes into view.
The demonspawn blood saint calls on the powers of chaos!
The demonspawn blood saint suddenly seems more agile.
The Hell Sentinel seems to speed up.
There is an escape hatch in the ceiling here.
The Hell Sentinel closely misses you. The Hell Sentinel hits you!
A mysterious force pulls you upwards. The hatch slams shut behind you.
(D) Dungeon (T) Temple (L) Lair (S) Swamp (N) Spider Nest (M) Slime Pits (O) Orcish Mines (E) Elven Halls (V) Vaults (C) Crypt (W) Tomb (U) Depths (H) Hell (Z) Zot
Where to? (Enter - D:1 @ (x,y), ? - help)
What level of the Dungeon? (default 1, ? - help)
There is an open door here.
A Kajele and a ynoxinul come into view.
The ynoxinul gestures.
Kajele closely misses you.
Press: ? - help, v - describe, . - travel
Here: Kajele The floor.
Aiming: Dig
Press: ? - help, Shift-Dir - straight line This square is covered in magical glow.
The rock shatters into small pieces.
Kajele hits you but does no damage.
The ynoxinul gestures.
Blink to where?
Press: ? - help, Dir - move target
As you read the scroll of blinking, it crumbles to dust.
You climb upwards.
There is a stone staircase leading down here.
(D) Dungeon (T) Temple (L) Lair (S) Swamp (N) Spider Nest (M) Slime Pits (O) Orcish Mines (E) Elven Halls (V) Vaults (C) Crypt (W) Tomb (U) Depths (H) Hell (Z) Zot
Where to? (Enter - D:1 @ (x,y), ? - help)
What level of the Dungeon? (default 1, ? - help)
An Ice Fiend comes into view.
Blink to where?
Press: ? - help, Dir - move target
As you read the scroll of blinking, it crumbles to dust.
You climb upwards.
There is a stone staircase leading down here.
(D) Dungeon (T) Temple (L) Lair (S) Swamp (N) Spider Nest (M) Slime Pits (O) Orcish Mines (E) Elven Halls (V) Vaults (C) Crypt (W) Tomb (U) Depths (H) Hell (Z) Zot
Where to? (Enter - D:1 @ (x,y), ? - help)
What level of the Dungeon? (default 1, ? - help)
There is a stone staircase leading up, spattered with blood here.
You climb upwards.
There is a stone staircase leading down here.
A balrug comes into view.
It is wielding a +1 antimagic demon whip.
The balrug shouts!
A demonspawn blood saint comes into view.
It is wielding a +0 quarterstaff and wearing a +2 robe of willpower.
Unknown command.
You feel yourself speed up.
Aiming: Dig
Press: ? - help, Shift-Dir - straight line A rock wall.
This square is covered in magical glow.
The rock shatters into small pieces.
The balrug gestures at you. The bolt of fire misses you.
Aiming: Dig
Press: ? - help, Shift-Dir - straight line You can't see that place.
The rock shatters into small pieces.
A sun demon comes into view.
The sun demon shouts!
There is a stone staircase leading up here.
You climb upwards.
There is a stone staircase leading down here.
(D) Dungeon (T) Temple (L) Lair (S) Swamp (N) Spider Nest (M) Slime Pits (O) Orcish Mines (E) Elven Halls (V) Vaults (C) Crypt (W) Tomb (U) Depths (H) Hell (Z) Zot
Where to? (Enter - D:1 @ (x,y), ? - help)
Okay, then.
(D) Dungeon (T) Temple (L) Lair (S) Swamp (N) Spider Nest (M) Slime Pits (O) Orcish Mines (E) Elven Halls (V) Vaults (C) Crypt (W) Tomb (U) Depths (H) Hell (Z) Zot
Where to? (Enter - D:1 @ (x,y), ? - help)
What level of the Dungeon? (default 1, ? - help)
There is a stone staircase leading up here.
You climb upwards.
There is a stone staircase leading down here.
There is a stone staircase leading up here.
You climb upwards.
Your extra speed is starting to run out.
There is a stone staircase leading down here.
There is a staircase leading out of the dungeon here.
Unknown command.
You swing at nothing.
You feel yourself slow down.
You have escaped!

Skill      XL: |  1  2  3  4  5  6  7  8  9 10 11 12 13 14 15 16 17 18 19 20 21 22 23 24 25 26 |
---------------+-------------------------------------------------------------------------------+-----
Maces & Flails | 2 3 4 5 6 7 9 11 12 14 15 16 17 18 19 20 21 22 | 22.1
Fighting       | 3 4 5 6 8 9 11 12 13 14 16 17 18 19 20 | 20.2
Translocations | 3 4 5 6 7 8 9 10 11 12 13 14 15 | 15.9
Invocations    | 1 4 6 8 9 10 11 12 13 14 | 14.2
Throwing       | 4 7 8 9 10 11 12 13 | 13.1
Dodging        | 3 5 6 8 9 10 11 12 14 15 16 17 | 17.0
Spellcasting   | 4 6 7 8 9 10 | 10.0
Armour         | 3 10 12 14 16 17 18 19 | 19.8
Evocations     | 1 2 4 5 6 7 8 |  8.7
Air Magic      | 2 5 6 |  6.0

Action                   |  1- 3 |  4- 6 |  7- 9 | 10-12 | 13-15 | 16-18 | 19-21 | 22-24 | 25-27 || total
-------------------------+-------+-------+-------+-------+-------+-------+-------+-------+-------++-------
Melee: Mace              |   123 |    98 |       |       |       |       |       |       |       ||   221
       Punch             |     2 |       |     1 |     6 |       |       |       |       |       ||     9
       Flail             |       |    23 |   129 |       |       |       |       |       |       ||   152
       Quarterstaff      |       |       |   180 |   305 |    23 |       |       |       |       ||   508
       Morningstar       |       |       |       |   435 |       |       |       |       |       ||   435
       Giant club        |       |       |       |    61 |   168 |       |       |       |       ||   229
       Giant spiked club |       |       |       |       |   548 |   949 |  1182 |  1335 |   530 ||  4544
       Great mace        |       |       |       |       |       |       |       |     7 |       ||     7
Throw: Boomerang         |     2 |     5 |       |       |       |    20 |    17 |       |    31 ||    75
       Dart              |       |     1 |    10 |    44 |     9 |       |       |       |       ||    64
       Javelin           |       |       |       |    32 |   114 |    86 |    60 |    49 |    97 ||   438
       Large rock        |       |       |       |     1 |       |       |       |       |       ||     1
       Throwing net      |       |       |       |       |       |       |       |     1 |       ||     1
 Cast: Blink             |       |     1 |       |       |     1 |     3 |       |     3 |     1 ||     9
       Manifold Assault  |       |       |       |       |    28 |    26 |     9 |    20 |     1 ||    84
       Apportation       |       |       |       |       |       |    10 |       |       |    31 ||    41
Invok: Heroism           |       |       |       |    12 |     8 |     6 |    13 |    10 |     8 ||    57
       Finesse           |       |       |       |     4 |     4 |     4 |     8 |     7 |     4 ||    31
Evoke: Wand              |     8 |    14 |    19 |     9 |     1 |     1 |     1 |       |     3 ||    56
       Tin of tremorston |       |       |       |       |       |     2 |     1 |       |       ||     3
       Condenser vane    |       |       |       |       |       |     1 |       |       |       ||     1
  Use: Scroll            |       |       |     4 |     9 |    12 |     8 |     5 |    11 |    12 ||    61
       Potion            |       |       |       |     5 |     1 |     2 |     8 |     4 |     8 ||    28
 Stab: Invisible         |       |       |     2 |     4 |       |       |     5 |       |       ||    11
       Distracted        |       |       |     1 |       |    10 |    18 |    14 |    31 |    11 ||    85
       Sleeping          |       |       |       |     4 |     3 |     1 |       |       |       ||     8
       Petrified         |       |       |       |       |     6 |       |       |       |       ||     6
       Held in net/web   |       |       |       |       |       |       |       |     1 |       ||     1
Armor: Robe              |    33 |    33 |    68 |   118 |    52 |     5 |       |       |       ||   309
       Troll leather arm |       |       |       |       |    85 |    16 |       |       |       ||   101
       Swamp dragon scal |       |       |       |       |       |    96 |       |       |       ||    96
       Gold dragon scale |       |       |       |       |       |   327 |   679 |   576 |   332 ||  1914
Dodge: Dodged            |    68 |    50 |   155 |   473 |   302 |   362 |   370 |   365 |   212 ||  2357
Block: Other             |       |       |    44 |   154 |   122 |   164 |    50 |       |       ||   534
       Reflection        |       |       |     2 |     2 |    13 |     6 |    12 |       |       ||    35

Levels and vault maps discovered:
D:1:      minmay_arrival_diagonal_passages, layout_rooms,
          ebering_ecumenical_altar_hall, hangedman_feature_mirror,
          corner_web_ring
D:2:      layout_loops_ring, serial_shops, nicolae_shop_hallway_plus,
          st_stairs_4
D:3:      layout_loops_corners, nicolae_hepliaklqana_hazy_memory,
          ashenzari_altar_1, nemelex_spade_bored_becter,
          uniq_crazy_yiuf_cottage, uniq_terence, uniq_grinder, uniq_jessica
D:4:      layout_basic, uniq_natasha
D:5:      layout_gridville, grunt_temple_overflow_champion_of_chaos,
          mainiacjoe_overflow_brackets, marbit_many_paths
D:6:      minmay_cornered_nines, layout_loops_ring, lemuel_tele_altar,
          zin_statuary, serial_shops, nicolae_shop_advertising_works
          [nicolae_subvault_shop_adworks], uniq_pikel
D:7:      layout_basic, minmay_temple_entry_mist, kennysheep_nub, uniq_duvessa
D:8:      layout_rooms, gammafunk_temple_overflow_claw,
          nicolae_ossuary_entry_giza, hangedman_decor_riveting, uniq_maurice
D:9:      layout_gridville, mainiacjoe_overflow_alcove_1,
          nicolae_qazlal_general_emergency, nicolae_overflow_hidden_temple,
          hellmonk_lair_entry_icy
D:10:     hellmonk_paralyzer, layout_long_grid, enter_bailey_3,
          roderic_lattice_a
D:11:     layout_gridville, serial_shops, shop_fountains, uniq_lodul
D:12:     minmay_the_grid_octo_tiled_squarecenter
          [minmay_the_grid_octo_clover_2, minmay_the_grid_octo_fat_diamond,
          minmay_the_grid_octo_chip, minmay_the_grid_octo_tetromino_candy,
          minmay_the_grid_square_5x5_megaprize_checkered,
          minmay_the_grid_square_5x5_meh,
          minmay_the_grid_square_5x5_checkered_statues,
          minmay_the_grid_square_5x5_hourglass,
          minmay_the_grid_square_5x5_fancy_junction], layout_long_grid,
          david_orc_3
D:13:     layout_gridville, serial_glass, glass_columns_a, glass_columns_a,
          uniq_azrael
D:14:     layout_big_octagon, hangedman_vaults_entry_quadrant_bands,
          small_statue_intersection, minmay_misc_feat_plants, kennysheep_doodads
D:15:     grunt_enter_depths_snipers, layout_small_grid, gauntlet_entry_generic,
          nzn_ghost_randoct, cheibriados_altar_1
Lair:1:   minmay_lair_oklob_chamber, layout_cellular_growth,
          infiniplex_staircase_pool, grunt_megastairs_2
Lair:2:   layout_cave_pods, nicolae_spider_entry_non_spiders, uniq_gastronok
Lair:3:   layout_long_grid, swamp_mist, basic_altar
Lair:4:   layout_roguey, bh_autumn_forest_stairs, minivault_23, st_stairs_3,
          chequers_serial_rivers_room_b, kennysheep_basilisk_garden, uniq_sonja
Lair:5:   grunt_lair_end_beastmaster, layout_regular_city,
          dpeg_slime_entry_enclosed
Swamp:1:  layout_basic_swamp, serial_swamp_ruin, evilmike_swamp_ruin_house_1,
          evilmike_swamp_ruin_wall, evilmike_swamp_ruin_house_6
Swamp:2:  layout_falls_marsh, portal_ice_cave_entry_ugly_swarm,
          hangedman_swamp_ruin_wall, swamp_pool2, nzn_swamp_blast_mining
Swamp:3:  layout_basic_swamp, nicolae_swamp_trees_clearing,
          infiniplex_staircase_pool_2
Swamp:4:  swamp_basic_johnstein, layout_basic_swamp, swamp_pool2
Spider:1: layout_spider_delve, uniq_mlioglotl
Spider:2: layout_spider_delve, guppyfry_hornet_nest
Spider:3: layout_chambers, special_room [special_room_bee],
          hellmonk_spider_spawner
Spider:4: spider_rune_water
Orc:1:    layout_caves
Orc:2:    grunt_orc_tribal_feast, layout_caves
Elf:1:    layout_geoelf_octagon, orc_legates, lemuel_upstairs_altar
Elf:2:    nicolae_elf_blades_splatter_lattice [nicolae_blade_bullseye],
          layout_loops_corners, basic_altar, serial_shops,
          nicolae_shop_hallway_plus, corexii_leaking_fountain, minivault_14
Elf:3:    grunt_elf_hall_spiral, layout_loops_corners, serial_shops,
          nicolae_diamond_shop, uniq_bai_suzhen
Vaults:1: v_misc_24, nicolae_vaults_mini_display_case, v_rooms_4,
          hangedman_vaults_stagger, nicolae_vaults_little_squares_4,
          hangedman_vaults_cutoff, nicolae_vaults_diagonal_hallway_8,
          ontoclasm_vaults_chip, vaults_dpeg_hooks, layout_vaults_omnicross,
          serial_shops, bzr_entry_dummy
Vaults:2: v_misc_14, nicolae_vaults_diagonal_hallway_8, v_misc_3, kb_rosetta,
          nicolae_vaults_network_square, vaults_dpeg_encased_lava,
          grunt_vaults_hallway_short, nicolae_vaults_border_crossing,
          grunt_vaults_hallway_short, v_misc_33, vaults_room_pool, v_misc_9,
          ontoclasm_vaults_hangar, nicolae_vaults_little_squares_3,
          ontoclasm_vaults_ring_large, vaults_standard_mumra_enter_the_diamond,
          layout_vaults_maze_snakey, uniq_donald
Vaults:3: mu_enter_wizlab_6, nicolae_vaults_diagonal_hallway_6, v_misc_23,
          v_misc_10, vaults_mumra_hex, ontoclasm_vaults_decontamination,
          grunt_vaults_twisty, nicolae_vaults_rhombus_6,
          hangedman_vaults_capsules, layout_vaults_omnigrid, dummy_crypt_entry
Vaults:4: ontoclasm_vaults_water_temple, grunt_vaults_focal, v_alt_pattern_4,
          v_misc_9, nicolae_vaults_rhombus_5, vaults_room_door_ring, v_misc_27,
          v_misc_30, ontoclasm_vaults_ring_small, grunt_vaults_hallway_long,
          v_misc_26, vaults_room_grunt_arrival_ludios, layout_vaults_big_room,
          uniq_mennas
Crypt:1:  layout_regular_city, grunt_ministairs_3, glass_columns_a
Crypt:2:  layout_chaotic_city, grunt_megastairs_1
Crypt:3:  lightli_unholy_cathedral, layout_chaotic_city,
          tomb_entry_sphere_bobbens, nicolae_crypt_niches, hangedman_blasphemy,
          uniq_boris, uniq_frederick
Depths:1: layout_gridlike, rand_demon_pan_entry_7, glass_columns_a, hell_entry,
          kennysheep_donut, nrook_uturn, nicolae_ru_awakened_eye, uniq_mara
Depths:2: nicolae_cairo_tiling_large, layout_long_grid, hell_entry,
          abyss_entry_crystal, serial_glass, glass_columns_a, glass_columns_b,
          pan_entry
Depths:3: minmay_ornate_pinched, layout_twisted_cross,
          minmay_staircase_windowed_large, grunt_metal_band, abyss_entry
Depths:4: evilmike_zot_entry_round, layout_honeycomb, enter_ziggurat_a,
          abyss_entry_small_statue_room, patterned_corridor,
          hangedman_coc_ice_floe, water_maze_lemuel
Zot:1:    layout_gridlike, gammafunk_ghost_wrathful_warriors
Zot:2:    layout_onion_interference, hangedman_zot_gyre,
          hangedman_zot_decor_scrapings, nicolae_rock_paper_scissors
Zot:3:    layout_gridlike, st_stairs_3, grunt_megastairs_3, uniq_josephina
Zot:4:    layout_misc_corridors, hangedman_elemental_grid_stream
Zot:5:    layout_cathedral_of_symmetry, st_stairs_11, grunt_ministairs_1

Notes
Turn   | Place    | Note
-------+----------+-------------------------------------------
     0 | D:1      | scionoferis the Ogre Warper began the quest for the Orb.
     0 | D:1      | Reached XP level 1. HP: 22/22 MP: 3/3
    62 | D:1      | Reached skill level 2 in Maces & Flails
    72 | D:1      | Reached skill level 3 in Fighting
    72 | D:1      | Reached XP level 2. HP: 29/31 MP: 5/5
    77 | D:1      | Learned a level 2 spell: Blink
   138 | D:1      | You fall into a shaft and drop 1 floor!
   276 | D:2      | Reached XP level 3. HP: 17/37 MP: 6/6
   507 | D:1      | Reached skill level 3 in Translocations
   847 | D:1      | Reached skill level 3 in Maces & Flails
   866 | D:1      | Reached XP level 4. HP: 29/46 MP: 7/7
   948 | D:1      | Found a faded altar of an unknown god.
  1112 | D:2      | Found Rifeunar's Distillery.
  1694 | D:3      | Noticed Grinder
  1718 | D:3      | Killed Grinder
  1719 | D:3      | Reached skill level 4 in Fighting
  1719 | D:3      | Reached skill level 4 in Maces & Flails
  1719 | D:3      | Reached XP level 5. HP: 31/55 MP: 8/8
  1719 | D:3      | Reached XP level 6. HP: 37/65 MP: 9/9
  2091 | D:3      | Found a sparkling altar of Nemelex Xobeh.
  2185 | D:3      | Noticed Terence
  2216 | D:3      | Killed Terence
  2217 | D:3      | Reached skill level 5 in Fighting
  2530 | D:3      | Noticed Jessica
  2545 | D:3      | Killed Jessica
  2570 | D:3      | Found a broken altar of Ashenzari.
  2631 | D:3      | Reached skill level 4 in Translocations
  2783 | D:3      | Found a hazy altar of Hepliaklqana.
  2789 | D:3      | Reached skill level 5 in Maces & Flails
  2789 | D:3      | Reached XP level 7. HP: 72/72 MP: 10/10
  3008 | D:3      | Identified the +1 robe of a Labyrinth {rPois Dex-4 Stlth+}
  3072 | D:3      | Found a runed translucent door.
  3073 | D:3      | Noticed Crazy Yiuf
  3080 | D:3      | Killed Crazy Yiuf
  3209 | D:4      | Noticed Natasha
  3217 | D:4      | Killed Natasha
  3531 | D:4      | Noticed Natasha
  3549 | D:4      | Killed Natasha
  4126 | D:4      | Noticed Natasha
  4131 | D:4      | Killed Natasha
  4132 | D:4      | Reached skill level 6 in Fighting
  4326 | D:5      | Entered Level 5 of the Dungeon
  4401 | D:5      | Found an iron altar of Okawaru.
  4405 | D:5      | Became a worshipper of Warmaster Okawaru
  4483 | D:5      | Found a sacrificial altar of Ru.
  4871 | D:5      | Found a shimmering altar of Xom.
  4871 | D:5      | Found a burning altar of Makhleb.
  4911 | D:5      | Reached skill level 6 in Maces & Flails
  4911 | D:5      | Reached skill level 1 in Invocations
  5070 | D:6      | Reached XP level 8. HP: 82/84 MP: 11/11
  5072 | D:6      | Reached skill level 2 in Invocations
  5108 | D:6      | Noticed a wraith
  5116 | D:6      | Reached * piety under Okawaru
  5117 | D:6      | Reached skill level 7 in Fighting
  5123 | D:6      | Killed a wraith
  5137 | D:6      | Reached skill level 7 in Maces & Flails
  5137 | D:6      | Reached skill level 3 in Invocations
  5324 | D:6      | Identified the +5 quarterstaff "Wauqihi" {vorpal, MP+9
                  | Dex+4}
  5893 | D:6      | Reached ** piety under Okawaru
  5894 | D:6      | Reached skill level 8 in Fighting
  5894 | D:6      | Reached skill level 4 in Invocations
  5894 | D:6      | Reached XP level 9. HP: 88/96 MP: 12/12
  6271 | D:6      | Noticed Pikel
  6280 | D:6      | Killed Pikel
  6281 | D:6      | Reached skill level 8 in Maces & Flails
  6648 | D:6      | Reached skill level 5 in Invocations
  6830 | D:6      | Found a bloodstained altar of Trog.
  6835 | D:6      | Found Nuuplet's Book Shoppe.
  6948 | D:6      | Found a glowing silver altar of Zin.
  7090 | D:2      | Bought a potion of curing for 36 gold pieces
  7090 | D:2      | Bought a potion of heal wounds for 60 gold pieces
  7260 | D:7      | Reached skill level 9 in Fighting
  7362 | D:7      | Reached *** piety under Okawaru
  7476 | D:7      | Found a staircase to the Ecumenical Temple.
  7669 | D:7      | Noticed Duvessa
  7669 | D:7      | Noticed Dowan
  7689 | D:7      | Killed Duvessa
  7690 | D:7      | Reached skill level 9 in Maces & Flails
  7701 | D:7      | Killed Dowan
  7992 | D:8      | Noticed Maurice
  8008 | D:8      | Killed Maurice
  8009 | D:8      | Reached skill level 6 in Invocations
  8009 | D:8      | Reached XP level 10. HP: 96/110 MP: 14/14
  8035 | D:8      | Found a glowing golden altar of the Shining One.
  8035 | D:8      | Found an opulent altar of Gozag.
  8035 | D:8      | Found a shadowy altar of Dithmenos.
  8077 | D:8      | Found a sand-covered staircase.
  8090 | Ossuary  | Entered an ossuary
  8112 | Ossuary  | Reached skill level 10 in Fighting
  8128 | Ossuary  | Reached **** piety under Okawaru
  8405 | Ossuary  | Reached skill level 10 in Maces & Flails
  8649 | Ossuary  | Gained mutation: Your flesh is heat resistant. (rF+)
                  | [potion of mutation]
  8649 | Ossuary  | Gained mutation: Your magical capacity is low. (-10% MP)
                  | [potion of mutation]
  8927 | D:8      | Identified the +1 robe "Laaxiwki" {Fly rF+ Regen+ Slay+3}
  9058 | D:8      | Paralysed by a hornet for 1 turns
  9194 | D:9      | Identified the +6 scimitar of Shame {vorpal, rN+ Str-2
                  | Int+3 Dex+3}
  9222 | D:9      | Reached skill level 11 in Fighting
  9251 | D:9      | Reached skill level 11 in Maces & Flails
  9302 | D:9      | Reached ***** piety under Okawaru
  9679 | D:9      | Reached XP level 11. HP: 120/120 MP: 14/14
  9702 | D:9      | Received a gift from Okawaru
  9703 | D:9      | Reached skill level 2 in Throwing
 10017 | D:9      | Found a staircase to the Lair.
 10165 | D:9      | Found a stormy altar of Qazlal.
 10205 | D:9      | Found a blossoming altar of Fedhas.
 10348 | D:9      | Found a snail-covered altar of Cheibriados.
 10683 | D:2      | Bought a potion of lignification for 36 gold pieces
 10683 | D:2      | Bought a potion of invisibility for 96 gold pieces
 10868 | D:10     | Entered Level 10 of the Dungeon
 11127 | D:10     | Found a flagged portal.
 11148 | Bailey   | Entered a bailey
 11210 | Bailey   | Reached skill level 12 in Fighting
 11210 | Bailey   | Reached skill level 3 in Throwing
 11613 | Bailey   | Received a gift from Okawaru
 11614 | Bailey   | Reached skill level 7 in Invocations
 12001 | Bailey   | Reached skill level 12 in Maces & Flails
 12410 | D:10     | Learned a level 1 spell: Apportation
 12430 | D:10     | Paralysed by a floating eye for 2 turns
 12439 | D:10     | Noticed an ogre mage
 12440 | D:10     | Paralysed by a hornet for 1 turns
 12447 | D:10     | Reached skill level 4 in Throwing
 12459 | D:10     | Killed an ogre mage
 12685 | D:10     | Identified the +0 robe of Narrow Life {Fly rPois Int-3}
                  | (Okawaru gifted it to you on level 10 of the Dungeon)
 12685 | D:10     | Received a gift from Okawaru
 13260 | D:11     | Reached skill level 8 in Invocations
 13489 | D:11     | Reached XP level 12. HP: 58/132 MP: 16/16
 13718 | D:11     | Reached skill level 5 in Throwing
 13883 | D:11     | Found Fircheef's Book Emporium.
 14102 | D:11     | Reached skill level 13 in Maces & Flails
 14150 | D:11     | Noticed a two-headed ogre
 14157 | D:11     | Killed a two-headed ogre
 14526 | D:11     | Noticed Lodul
 14532 | D:11     | Killed Lodul
 14684 | D:11     | Reached skill level 6 in Throwing
 14940 | D:12     | Reached skill level 9 in Invocations
 15217 | D:12     | Found a staircase to the Orcish Mines.
 15725 | D:12     | Noticed a two-headed ogre
 15739 | D:12     | Killed a two-headed ogre
 15739 | D:12     | Received a gift from Okawaru
 15769 | D:12     | Reached skill level 3 in Dodging
 15970 | D:12     | Noticed a boulder beetle
 15983 | D:12     | Killed a boulder beetle
 16044 | D:12     | Received a gift from Okawaru
 16054 | D:12     | Received a gift from Okawaru
 16217 | D:12     | Noticed a tengu warrior
 16227 | D:12     | Killed a tengu warrior
 16228 | D:12     | Reached skill level 14 in Maces & Flails
 16353 | D:12     | Noticed a centaur warrior
 16398 | D:12     | Killed a centaur warrior
 16398 | D:12     | Identified the +6 rapier of Red Wine {freeze, Will+ Int+4}
 16398 | D:12     | Noticed a centaur warrior
 16399 | D:12     | Reached skill level 7 in Throwing
 16399 | D:12     | Reached XP level 13. HP: 52/140 MP: 10/18
 16457 | D:12     | Reached skill level 4 in Dodging
 16586 | D:12     | Received a gift from Okawaru
 16586 | D:12     | Identified the +1 long sword "Jecuoh" {vorpal, Int+4}
 16587 | D:12     | Reached skill level 10 in Invocations
 16610 | D:12     | Received a gift from Okawaru
 16882 | D:12     | Found the +18 shield of the Gong {rElec rN+ Will+ EV-5}
 16883 | D:12     | Identified the +0 pair of gloves of Limited Liability
                  | {Dex+4}
 17073 | Lair:1   | Entered Level 1 of the Lair of Beasts
 19510 | Lair:1   | Reached skill level 5 in Dodging
 19678 | Lair:1   | Received a gift from Okawaru
 19922 | Lair:2   | Noticed Gastronok
 19971 | Lair:2   | Killed Gastronok
 19972 | Lair:2   | Reached skill level 8 in Throwing
 20405 | Lair:2   | Identified a scroll of acquirement
 20407 | Lair:2   | Acquired the +3 hat of Absence {Dex+3}
 20492 | Lair:2   | Found a hole to the Spider Nest.
 20631 | Lair:2   | Reached skill level 15 in Maces & Flails
 21110 | Lair:3   | Reached skill level 5 in Translocations
 21519 | Lair:3   | Reached XP level 14. HP: 119/149 MP: 19/19
 21657 | Lair:3   | Found an iron altar of Okawaru.
 21813 | Lair:3   | Found a staircase to the Swamp.
 22166 | Lair:4   | Identified the +9 executioner's axe of Yner {vorpal, *Rage
                  | *Noise rElec rC+++} (Okawaru gifted it to you on level 4 of
                  | the Lair of Beasts)
 22166 | Lair:4   | Received a gift from Okawaru
 22277 | Lair:4   | Reached skill level 11 in Invocations
 22677 | Lair:4   | Noticed Sonja
 22696 | Lair:4   | Killed Sonja
 22843 | Lair:4   | Reached skill level 6 in Dodging
 23093 | Lair:5   | Entered Level 5 of the Lair of Beasts
 23467 | Lair:5   | Reached ****** piety under Okawaru
 23494 | Lair:5   | Reached skill level 6 in Translocations
 23580 | Lair:5   | Learned a level 4 spell: Manifold Assault
 23597 | Lair:5   | Reached skill level 9 in Throwing
 23709 | Lair:5   | Received a gift from Okawaru
 23987 | Lair:5   | Identified the +2 robe of Gravitas {rF++ rN+} (Okawaru
                  | gifted it to you on level 5 of the Lair of Beasts)
 23987 | Lair:5   | Received a gift from Okawaru
 24115 | Lair:5   | Reached skill level 3 in Spellcasting
 24218 | Lair:5   | Found a staircase to the Slime Pits.
 24484 | Lair:5   | Reached skill level 16 in Maces & Flails
 24637 | Lair:5   | Noticed a dire elephant
 24650 | Lair:5   | Killed a dire elephant
 24780 | Lair:5   | Identified the amulet of Booweuzo {Spirit *Corrode Str+7}
 25055 | Orc:1    | Entered Level 1 of the Orcish Mines
 25276 | D:12     | Reached skill level 4 in Spellcasting
 25308 | D:12     | Reached XP level 15. HP: 123/153 MP: 18/21
 25602 | Orc:2    | Entered Level 2 of the Orcish Mines
 25821 | Orc:2    | Reached skill level 7 in Dodging
 25931 | Orc:2    | Found a staircase to the Elven Halls.
 26153 | Orc:2    | Received a gift from Okawaru
 26281 | Orc:2    | Identified a +2 robe of the Archmagi
 26289 | Orc:2    | Reached skill level 12 in Invocations
 26399 | Orc:1    | Upgraded the game from 0.30-a0-458-g86641cc369 to
                  | 0.30-a0-459-g9104f0fc43
 26686 | Orc:2    | Reached skill level 7 in Translocations
 26912 | Orc:2    | Found Suohoes's Magic Scroll Shoppe.
 26912 | Orc:2    | Found Bixy's Assorted Antiques.
 26914 | Orc:2    | Found Rutwiwk's Book Shoppe.
 26914 | Orc:2    | Found Paitek's General Store.
 27193 | D:13     | Reached skill level 5 in Spellcasting
 27541 | D:13     | Received a gift from Okawaru
 28094 | D:14     | Received a gift from Okawaru
 28267 | D:14     | Received a gift from Okawaru
 28271 | D:14     | Reached skill level 10 in Throwing
 28368 | D:13     | Noticed Azrael
 28383 | D:13     | Killed Azrael
 29196 | D:14     | Reached skill level 6 in Spellcasting
 29204 | D:14     | Received a gift from Okawaru
 29417 | D:14     | Found a gate to the Vaults.
 29822 | D:15     | Entered Level 15 of the Dungeon
 29841 | D:15     | Received a gift from Okawaru
 29850 | D:15     | Reached skill level 8 in Dodging
 29850 | D:15     | Reached XP level 16. HP: 135/167 MP: 13/22
 29942 | D:15     | Found a transporter.
 29947 | D:15     | Noticed Huashrat's ghost (adept FoFi)
 29951 | D:15     | Noticed Zoram's ghost (journeyman SpAE)
 29970 | D:15     | Found a transporter.
 29992 | D:15     | Found a gate leading to a gauntlet.
 30005 | Gauntlet | Entered a Gauntlet
 30005 | Gauntlet | Found a runed translucent gate.
 30005 | Gauntlet | Found a transporter.
 30005 | Gauntlet | Found a transporter.
 30005 | Gauntlet | Found a transporter.
 30006 | Gauntlet | Found a transporter.
 30007 | Gauntlet | Found a transporter.
 30008 | Gauntlet | Found a runed translucent gate.
 30009 | Gauntlet | Found a runed translucent gate.
 30010 | Gauntlet | Found a transporter.
 30017 | Gauntlet | Found a transporter.
 30018 | Gauntlet | Found a transporter.
 30019 | Gauntlet | Found a transporter.
 30022 | Gauntlet | Found a transporter.
 30029 | Gauntlet | Found a transporter.
 30032 | Gauntlet | Found a transporter.
 30227 | Gauntlet | Reached skill level 13 in Fighting
 30234 | Gauntlet | Reached skill level 17 in Maces & Flails
 30284 | Gauntlet | Identified the +9 quick blade of Yroqot {vorpal, Fly rPois
                  | Int-4} (Okawaru gifted it to you in a Gauntlet)
 30284 | Gauntlet | Received a gift from Okawaru
 30296 | Gauntlet | Identified the ring "Jugoofe" {Str+5 SInv}
 30455 | Gauntlet | Identified the ring "Lugilyri" {rElec SInv}
 30460 | Gauntlet | Reached skill level 8 in Translocations
 30679 | D:15     | Found a snail-covered altar of Cheibriados.
 30702 | D:15     | Reached skill level 1 in Armour
 31001 | D:15     | Found a staircase to the Depths.
 31493 | Swamp:1  | Entered Level 1 of the Swamp
 31762 | Swamp:1  | Reached skill level 2 in Armour
 31912 | Swamp:1  | Reached skill level 7 in Spellcasting
 32833 | Swamp:2  | Identified the +3 troll leather armour of Glamorous Fun
                  | {Harm Regen+ Int+7} (Okawaru gifted it to you on level 2 of
                  | the Swamp)
 32833 | Swamp:2  | Received a gift from Okawaru
 32842 | Swamp:2  | Found a frozen archway.
 32854 | Swamp:2  | Reached skill level 3 in Armour
 33017 | IceCv    | Entered an ice cave
 33444 | IceCv    | Reached skill level 9 in Dodging
 33641 | IceCv    | Reached skill level 1 in Evocations
 33652 | IceCv    | Identified a +0 robe of resistance
 33688 | IceCv    | Noticed an Ice Fiend
 33692 | IceCv    | Killed an Ice Fiend
 33879 | Swamp:2  | Reached skill level 11 in Throwing
 34487 | Swamp:2  | Reached XP level 17. HP: 171/179 MP: 25/25
 34648 | Swamp:2  | Reached skill level 4 in Armour
 35466 | Swamp:3  | Received a gift from Okawaru
 35663 | Swamp:3  | Reached skill level 14 in Fighting
 35663 | Swamp:3  | Reached skill level 2 in Evocations
 36174 | Swamp:4  | Entered Level 4 of the Swamp
 36280 | Swamp:4  | Reached skill level 8 in Spellcasting
 36554 | Swamp:4  | Received a gift from Okawaru
 37097 | Swamp:4  | Reached skill level 5 in Armour
 37202 | Swamp:4  | Reached skill level 9 in Translocations
 37493 | Swamp:4  | Reached skill level 10 in Dodging
 37632 | Swamp:4  | Reached skill level 6 in Armour
 37961 | Swamp:4  | Received a gift from Okawaru
 38065 | Swamp:4  | Reached skill level 7 in Armour
 38098 | Swamp:4  | Received a gift from Okawaru
 38165 | Swamp:4  | Reached skill level 8 in Armour
 38356 | Swamp:4  | Got a decaying rune of Zot
 38636 | Spider:1 | Entered Level 1 of the Spider Nest
 38794 | Spider:1 | Reached skill level 9 in Armour
 38908 | Spider:1 | Noticed Mlioglotl
 38922 | Spider:1 | Killed Mlioglotl
 38995 | Spider:1 | Reached skill level 10 in Armour
 39825 | Spider:1 | Received a gift from Okawaru
 40272 | Spider:2 | Reached XP level 18. HP: 189/189 MP: 27/27
 40721 | Spider:2 | Identified the +4 bardiche "String" {venom, rF++ Str+2}
                  | (Okawaru gifted it to you on level 2 of the Spider Nest)
 40721 | Spider:2 | Received a gift from Okawaru
 40730 | Spider:2 | Reached skill level 18 in Maces & Flails
 41230 | Spider:3 | Reached skill level 11 in Armour
 42023 | Spider:3 | Identified the +10 rapier "Bid Weng" {freeze, rC+} (Okawaru
                  | gifted it to you on level 3 of the Spider Nest)
 42023 | Spider:3 | Received a gift from Okawaru
 43182 | Spider:4 | Entered Level 4 of the Spider Nest
 43542 | Spider:4 | Reached skill level 10 in Translocations
 44104 | Spider:4 | Reached skill level 12 in Armour
 44687 | Spider:4 | Received a gift from Okawaru
 45313 | Spider:4 | Reached skill level 9 in Spellcasting
 45558 | Spider:4 | Got a gossamer rune of Zot
 45823 | Elf:1    | Entered Level 1 of the Elven Halls
 45840 | Elf:1    | Identified the +3 falchion of Midnight {flame, rC++ rN++}
 46034 | Elf:1    | Reached XP level 19. HP: 197/197 MP: 28/28
 46125 | Elf:1    | Paralysed by an air elemental for 1 turns
 46252 | Elf:1    | Paralysed by an air elemental for 1 turns
 46411 | Elf:1    | Identified the +1 battleaxe of Wariness {vorpal, rPois rF-
                  | rN+++ Dex+2}
 46592 | Elf:1    | You are cast into the Abyss!
 46592 | Abyss:3  | Cast into level 3 of the Abyss (a deep elf demonologist)
 46598 | Abyss:3  | Got an abyssal rune of Zot
 46615 | Abyss:3  | Received a gift from Okawaru
 46801 | Abyss:3  | Identified the +1 robe of the Volcano {Rampage rElec rC+++
                  | Dex-2} (Okawaru gifted it to you on level 3 of the Abyss)
 46801 | Abyss:3  | Received a gift from Okawaru
 46844 | Elf:1    | You pass through the gate.
 46844 | Elf:1    | Escaped the Abyss
 47247 | Elf:1    | Found a runed translucent gate.
 47247 | Elf:1    | Found a runed translucent gate.
 47247 | Elf:1    | Found a runed translucent gate.
 47247 | Elf:1    | Found a runed translucent gate.
 47247 | Elf:1    | Found a runed translucent gate.
 47247 | Elf:1    | Found the +3 greatsling "Punk" {acid, rCorr}
 47250 | Elf:1    | Found a runed translucent gate.
 47455 | Elf:2    | Reached skill level 13 in Armour
 47683 | Elf:1    | Found a shimmering altar of Xom.
 47833 | Elf:2    | Found a radiant altar of Vehumet.
 47838 | Elf:2    | Reached skill level 11 in Translocations
 48005 | Elf:2    | Found Ever's Antique Armour Shoppe.
 48131 | Elf:2    | Reached skill level 10 in Spellcasting
 48251 | Elf:2    | Found a runed translucent gate.
 48251 | Elf:2    | Found a runed translucent gate.
 48251 | Elf:2    | Found a runed translucent gate.
 48574 | Elf:3    | Entered Level 3 of the Elven Halls
 48608 | Elf:3    | Paralysed by an air elemental for 1 turns
 49959 | Elf:3    | Paralysed by an air elemental for 1 turns
 49962 | Elf:3    | Paralysed by an air elemental for 1 turns
 50023 | Elf:3    | Identified the +1 hat "Nub Saga" {rPois SInv} (Okawaru
                  | gifted it to you on level 3 of the Elven Halls)
 50023 | Elf:3    | Received a gift from Okawaru
 50148 | Elf:3    | Noticed a Tzitzimitl
 50418 | Elf:3    | Noticed Bai Suzhen
 50434 | Elf:3    | Killed Bai Suzhen
 50435 | Elf:3    | Reached skill level 19 in Maces & Flails
 50478 | Elf:3    | Found Utipsast's Antique Armour Shoppe.
 50743 | Elf:3    | Identified the +11 chain mail "Humel" {rElec Will+ Dex+4}
 50780 | Elf:3    | Bought a runed cloak for 255 gold pieces
 51051 | Elf:3    | Identified the +6 battleaxe of the Four Wishes {vorpal,
                  | rElec Will+ MP+9 Dex+4}
 51051 | Elf:3    | Identified the amulet of Lesser Demons {Reflect rPois Dex-4
                  | SH+5 SInv}
 51081 | Elf:3    | Identified the +3 falchion "Paduamue" {distort, Fly rF+
                  | Str+4 Stlth-}
 51085 | Elf:3    | Reached skill level 14 in Armour
 51132 | Elf:3    | Reached XP level 20. HP: 85/206 MP: 30/30
 51542 | Elf:3    | Identified the +0 dagger "Gram" {holy, +Blink rElec rC+++
                  | Dex-5}
 51553 | Elf:3    | Got Sif Muna's Spellbook of Damaging Breath
 51556 | Elf:3    | Identified the +1 scale mail of Lilacs {Dex+2}
 51559 | Elf:3    | Got the Grimoire of the Aerial Throng
 51740 | Elf:3    | Identified the +6 scimitar "Murmur" {venom, Int+3 Dex+3}
 51832 | Elf:3    | Got Sif Muna's Precepts of the Salvo and Moulding
 52251 | Vaults:1 | Entered Level 1 of the Vaults
 52822 | Vaults:1 | Found a gateway to a bazaar.
 53016 | Vaults:1 | Identified the +2 robe of Emeaw {rPois} (Okawaru gifted it
                  | to you on level 1 of the Vaults)
 53016 | Vaults:1 | Received a gift from Okawaru
 53137 | Vaults:1 | Reached skill level 12 in Translocations
 54221 | Bazaar   | Entered a bazaar
 54246 | Bazaar   | Found Cihe's Antique Weapon Shoppe.
 54270 | Bazaar   | Found Ykixus's Antique Armour Shop.
 54322 | Bazaar   | Found Haidghuqe's Antique Weapon Shoppe.
 54333 | Bazaar   | Found Buco's Assorted Antiques.
 54341 | Bazaar   | Bought a scroll of magic mapping for 165 gold pieces
 54341 | Bazaar   | Bought a smoking platinum ring for 110 gold pieces
 54341 | Bazaar   | Identified the ring "Fibada" {Contam Fly rElec rPois rC+
                  | Stlth+} (You bought it in a shop in a bazaar)
 54341 | Bazaar   | Bought a wand of light (3) for 277 gold pieces
 54341 | Bazaar   | Bought a potion of heal wounds for 110 gold pieces
 54341 | Bazaar   | Bought a potion of curing for 66 gold pieces
 54394 | Bazaar   | Bought a fading eveningstar for 440 gold pieces
 54394 | Bazaar   | Identified the +4 eveningstar of Integrity {flame, Fly rC+}
                  | (You bought it in a shop in a bazaar)
 54491 | Vaults:2 | Noticed Donald
 54502 | Vaults:2 | Killed Donald
 54508 | Vaults:2 | Reached skill level 15 in Armour
 54811 | Vaults:1 | Learned a level 3 spell: Lesser Beckoning
 54860 | Vaults:2 | Found the +4 skin of Zhor {*Englaciate rC+++ SInv}
 55493 | Vaults:2 | HP: 19/204 [deep troll[an ironbound preserver] (5)]
 55495 | Vaults:2 | HP: 7/205 [deep troll[an ironbound preserver] (9)]
 56197 | Vaults:2 | Received a gift from Okawaru
 57282 | Vaults:2 | Received a gift from Okawaru
 57345 | Vaults:2 | Reached skill level 16 in Armour
 57355 | Vaults:2 | Reached XP level 21. HP: 48/214 MP: 31/31
 57692 | Vaults:2 | Reached skill level 20 in Maces & Flails
 58252 | Vaults:3 | Found a magical portal.
 58322 | WizLab   | Entered Tukima's Studio
 58675 | WizLab   | Received a gift from Okawaru
 59053 | WizLab   | Got the Opusculum on Glamour
 59055 | WizLab   | Identified the +0 hat of Joy {Str+5 Int+4 SInv}
 59306 | Vaults:3 | Identified the +0 robe of Resourcefulness {rElec Str-4
                  | Int+7} (Okawaru gifted it to you on level 3 of the Vaults)
 59306 | Vaults:3 | Received a gift from Okawaru
 59728 | Vaults:3 | Reached skill level 17 in Armour
 60535 | Vaults:3 | Reached skill level 3 in Evocations
 61233 | Vaults:3 | Found a staircase to the Crypt.
 61379 | Vaults:4 | Noticed Mennas
 61439 | Vaults:3 | Killed Mennas
 62999 | Vaults:3 | Reached skill level 11 in Dodging
 63031 | Vaults:3 | Reached skill level 4 in Evocations
 63185 | Vaults:3 | Reached XP level 22. HP: 193/226 MP: 32/32
 63251 | Vaults:4 | Received a gift from Okawaru
 63252 | Vaults:4 | Reached skill level 15 in Fighting
 64513 | Crypt:1  | Entered Level 1 of the Crypt
 65003 | Crypt:1  | Noticed a curse skull
 65006 | Crypt:1  | Killed a curse skull
 65212 | Crypt:1  | Got the Exposition on Transmigration
 65245 | Crypt:1  | Learned a level 4 spell: Passage of Golubria
 66157 | Crypt:1  | Learned a level 3 spell: Vhi's Electric Charge
 66210 | Crypt:2  | Reached skill level 5 in Evocations
 66245 | Crypt:2  | Received a gift from Okawaru
 66246 | Crypt:2  | Reached skill level 12 in Dodging
 66311 | Crypt:2  | Reached skill level 1 in Air Magic
 66453 | Crypt:2  | Reached skill level 18 in Armour
 66891 | Crypt:2  | Reached skill level 2 in Air Magic
 67058 | Crypt:2  | Identified a +2 robe of resistance
 67906 | Crypt:3  | Entered Level 3 of the Crypt
 68091 | Crypt:3  | Noticed Frederick
 68106 | Crypt:3  | Killed Frederick
 68396 | Crypt:3  | Noticed Boris
 68405 | Crypt:3  | Reached skill level 16 in Fighting
 68407 | Crypt:3  | Killed Boris
 68408 | Crypt:3  | Reached skill level 21 in Maces & Flails
 68408 | Crypt:3  | Reached XP level 23. HP: 221/239 MP: 33/33
 68617 | Crypt:3  | Noticed a curse skull
 68620 | Crypt:3  | Killed a curse skull
 68780 | Crypt:3  | Reached skill level 3 in Air Magic
 68822 | Crypt:3  | Reached skill level 13 in Dodging
 69240 | Crypt:3  | Received a gift from Okawaru
 69333 | Crypt:2  | Reached skill level 6 in Evocations
 69638 | Crypt:3  | Identified the +5 broad axe "Zobraalaem" {vorpal, rElec rN+
                  | Stlth+}
 69948 | Crypt:3  | Received a gift from Okawaru
 70091 | Crypt:3  | Reached skill level 13 in Translocations
 70195 | Crypt:3  | Found a staircase to the Tomb.
 70312 | Crypt:3  | Found a basalt altar of Yredelemnul.
 70377 | Crypt:3  | Found an ancient bone altar of Kikubaaqudgha.
 70377 | Crypt:3  | Noticed a royal mummy
 70392 | Crypt:3  | Killed a royal mummy
 70393 | Crypt:3  | Reached skill level 4 in Air Magic
 70401 | Crypt:3  | Reached skill level 14 in Dodging
 70594 | Crypt:3  | Identified the ring of Light {Will+ MP+9 Int+3}
 70617 | Crypt:3  | Found a basalt altar of Yredelemnul.
 70657 | Crypt:3  | Identified the +7 longbow of the Unspeakable One
                  | {antimagic, Dex+2}
 70693 | Crypt:3  | Got the Teachings on Evil Mysteries
 71361 | D:15     | Killed Huashrat's ghost
 71366 | D:15     | Killed Zoram's ghost
 71759 | Depths:1 | Entered Level 1 of the Depths
 71871 | Depths:1 | Found a sacrificial altar of Ru.
 72051 | Depths:1 | Found a one-way gate leading to the halls of Pandemonium.
 72092 | Depths:1 | Found a gateway to Hell.
 72171 | Depths:1 | You fall into a shaft and drop 1 floor!
 72785 | Depths:1 | Received a gift from Okawaru
 72913 | Depths:1 | Noticed Mara
 72919 | Depths:1 | Killed Mara
 73135 | Depths:1 | Identified the +1 chain mail of the Pink Corner {rC++}
 73295 | Depths:1 | Reached skill level 17 in Fighting
 73295 | Depths:1 | Reached skill level 5 in Air Magic
 73627 | Depths:2 | Reached XP level 24. HP: 204/253 MP: 33/33
 73828 | Depths:2 | Noticed a caustic shrike
 73828 | Depths:2 | Noticed a caustic shrike
 73831 | Depths:2 | Noticed a caustic shrike
 73838 | Depths:2 | Killed a caustic shrike
 73844 | Depths:2 | Killed a caustic shrike
 73847 | Depths:2 | Killed a caustic shrike
 74125 | Depths:2 | Reached skill level 15 in Dodging
 74289 | Depths:2 | Got Huociwut's Catalogue of Hazy Earth
 74447 | Depths:2 | Found a one-way gate to the infinite horrors of the Abyss.
 74777 | Depths:3 | Identified a potion of resistance
 75090 | Depths:3 | Reached skill level 6 in Air Magic
 75356 | Depths:3 | Noticed a caustic shrike
 75366 | Depths:3 | Killed a caustic shrike
 76004 | Depths:3 | Received a gift from Okawaru
 76088 | Depths:4 | Entered Level 4 of the Depths
 76262 | Depths:4 | Found a gate to the Realm of Zot.
 76634 | Depths:4 | Reached skill level 14 in Translocations
 76689 | Depths:4 | Reached skill level 18 in Fighting
 76992 | Depths:4 | Reached skill level 19 in Armour
 77128 | Depths:4 | Found a one-way gateway to a ziggurat.
 78295 | Zot:1    | Entered Level 1 of the Realm of Zot
 78302 | Zot:1    | Noticed an orb of fire
 78316 | Zot:1    | Killed an orb of fire
 78887 | Zot:1    | Reached XP level 25. HP: 258/266 MP: 33/33
 78906 | Zot:1    | Found a transporter.
 78906 | Zot:1    | Found a transporter.
 78911 | Zot:1    | Identified the +1 cloak of the Final Violins {Will+ rCorr
                  | Str+5 SInv}
 78913 | Zot:1    | Found a bloodstained altar of Trog.
 78923 | Zot:1    | Noticed cforsyth's ghost (veteran HOMo)
 78924 | Zot:1    | Identified the +1 cloak "Jitepeab" {rElec rPois rC++ Str-4}
 78965 | Zot:1    | Learned a level 3 spell: Gell's Gravitas
 79494 | Zot:2    | Received a gift from Okawaru
 79676 | Zot:2    | Reached skill level 16 in Dodging
 79709 | Zot:2    | Identified the +2 double sword of Quantum Leap {vorpal,
                  | Will+ Dex+4}
 79713 | Zot:2    | Reached skill level 22 in Maces & Flails
 79716 | Zot:2    | Identified the +4 steam dragon scales of Infinity {rC+
                  | rCorr} (Okawaru gifted it to you on level 2 of the Realm of
                  | Zot)
 79716 | Zot:2    | Received a gift from Okawaru
 81199 | Zot:3    | Identified the ring "Feixzi" {Ice Int+4}
 81199 | Zot:3    | Noticed Josephina
 81209 | Zot:3    | Killed Josephina
 81762 | Zot:4    | Reached skill level 7 in Evocations
 82602 | Zot:4    | Reached skill level 19 in Fighting
 82606 | Zot:4    | Identified the +4 dire flail "Zehub" {protect, Fly}
                  | (Okawaru gifted it to you on level 4 of the Realm of Zot)
 82606 | Zot:4    | Received a gift from Okawaru
 82894 | Zot:4    | Noticed a shard shrike
 82907 | Zot:4    | Killed a shard shrike
 82919 | Zot:4    | Reached skill level 13 in Invocations
 83277 | Zot:5    | Entered Level 5 of the Realm of Zot
 83392 | Zot:5    | Reached skill level 12 in Throwing
 83544 | Zot:5    | Noticed a curse toe
 83550 | Zot:4    | Killed a curse toe
 83678 | Zot:5    | Noticed an orb of fire
 83686 | Zot:5    | Gained mutation: Your movements are slightly less
                  | encumbered by armour. (ER -2) [an orb of fire]
 83692 | Zot:5    | Killed an orb of fire
 83784 | Zot:5    | Noticed an ancient lich
 83790 | Zot:5    | Killed an ancient lich
 83965 | Zot:5    | Reached XP level 26. HP: 279/279 MP: 33/33
 83984 | Zot:5    | Noticed an orb of fire
 83985 | Zot:5    | Gained mutation: You sometimes lose your temper in combat.
                  | [an orb of fire]
 83991 | Zot:5    | Gained mutation: You occasionally lose the ability to read
                  | scrolls when taking damage. [an orb of fire]
 83995 | Zot:5    | Killed an orb of fire
 83996 | Zot:5    | Reached skill level 15 in Translocations
 84019 | Zot:4    | Lost mutation: Your flesh is heat resistant. (rF+) [potion
                  | of mutation]
 84019 | Zot:4    | Lost mutation: Your magical capacity is low. (-10% MP)
                  | [potion of mutation]
 84019 | Zot:4    | Lost mutation: Your movements are slightly less encumbered
                  | by armour. (ER -2) [potion of mutation]
 84019 | Zot:4    | Gained mutation: You have hidden genetic potential. [potion
                  | of mutation]
 84020 | Zot:4    | Lost mutation: You have hidden genetic potential. [potion
                  | of mutation]
 84020 | Zot:4    | Lost mutation: You occasionally lose the ability to read
                  | scrolls when taking damage. [potion of mutation]
 84020 | Zot:4    | Lost mutation: You sometimes lose your temper in combat.
                  | [potion of mutation]
 84020 | Zot:4    | Gained mutation: Your muscles are strong. (Str +4, Int/Dex
                  | -1) [potion of mutation]
 84020 | Zot:4    | Gained mutation: Your magical capacity is low. (-10% MP)
                  | [potion of mutation]
 84020 | Zot:4    | Gained mutation: You possess an exceptional clarity of
                  | mind. [potion of mutation]
 84058 | Zot:5    | Noticed a Killer Klown
 84065 | Zot:5    | Noticed an electric golem
 84076 | Zot:5    | Killed an electric golem
 84076 | Zot:5    | Received a gift from Okawaru
 84082 | Zot:5    | Noticed an ancient lich
 84096 | Zot:5    | Killed a Killer Klown
 84103 | Zot:5    | Killed an ancient lich
 84327 | Zot:5    | Noticed an orb of fire
 84341 | Zot:5    | Gained mutation: Armour fits poorly on your strangely
                  | shaped body. [an orb of fire]
 84346 | Zot:5    | Killed an orb of fire
 84925 | Zot:5    | Noticed a dread lich
 84939 | Zot:5    | Killed a dread lich
 84965 | Zot:5    | Noticed a Killer Klown
 84966 | Zot:5    | Noticed a dread lich
 84976 | Zot:5    | Killed a Killer Klown
 84978 | Zot:5    | Killed a dread lich
 84979 | Zot:5    | Reached skill level 8 in Evocations
 85138 | Zot:5    | Noticed a dread lich
 85157 | Zot:5    | Killed a dread lich
 85186 | Zot:5    | Noticed a Killer Klown
 85195 | Zot:5    | Noticed an orb of fire
 85206 | Zot:5    | Killed an orb of fire
 85472 | Zot:5    | Acquired a manual of Translocations
 85745 | Zot:5    | Killed a Killer Klown
 86072 | Zot:5    | Noticed an ancient lich
 86083 | Zot:5    | Killed an ancient lich
 86089 | Zot:5    | Noticed an ancient lich
 86095 | Zot:5    | Killed an ancient lich
 86098 | Zot:5    | Reached skill level 20 in Fighting
 86098 | Zot:5    | Reached skill level 14 in Invocations
 86146 | Zot:5    | Noticed an electric golem
 86148 | Zot:5    | Noticed a Killer Klown
 86157 | Zot:5    | Killed an electric golem
 86162 | Zot:5    | Received a gift from Okawaru
 86167 | Zot:5    | Killed a Killer Klown
 86334 | Zot:5    | Noticed an ancient lich
 86343 | Zot:5    | Killed an ancient lich
 86344 | Zot:5    | Reached skill level 17 in Dodging
 86355 | Zot:5    | Noticed an orb of fire
 86357 | Zot:5    | Gained mutation: You are frail. (-10% HP) [an orb of fire]
 86361 | Zot:5    | Killed an orb of fire
 86362 | Zot:5    | Reached skill level 13 in Throwing
 86588 | Zot:5    | Noticed a dread lich
 86592 | Zot:5    | Paralysed by a dread lich for 3 turns
 86599 | Zot:5    | Killed a dread lich
 86702 | Zot:5    | Noticed a Killer Klown
 86709 | Zot:5    | Killed a Killer Klown
 86770 | Zot:5    | Lost mutation: Your magical capacity is low. (-10% MP)
                  | [potion of mutation]
 86770 | Zot:5    | Lost mutation: Your muscles are strong. (Str +4, Int/Dex
                  | -1) [potion of mutation]
 86770 | Zot:5    | Lost mutation: You possess an exceptional clarity of mind.
                  | [potion of mutation]
 86770 | Zot:5    | Gained mutation: You have a beak for a mouth. [potion of
                  | mutation]
 86771 | Zot:5    | Lost mutation: You have a beak for a mouth. [potion of
                  | mutation]
 86771 | Zot:5    | Lost mutation: Armour fits poorly on your strangely shaped
                  | body. [potion of mutation]
 86771 | Zot:5    | Gained mutation: You are strong-willed. (Will+) [potion of
                  | mutation]
 86771 | Zot:5    | Gained mutation: You are agile. (Dex +4, Str/Int -1)
                  | [potion of mutation]
 86788 | Zot:5    | Got the Orb of Zot
 87000 | Depths:1 | Noticed Ycu Dyos the pandemonium lord
 87170 | D:7      | Noticed Kajele the pandemonium lord
 87269 | D:$      | Escaped with the Orb!

Vanquished Creatures
  4 dread liches (Zot:5)
  6 orbs of fire (Zot:1 Zot:5)
  5 ancient liches (Zot:5)
  Mennas (Vaults:3)
  Mara (Depths:1)
  Josephina (Zot:3)
  A royal mummy (Crypt:3)
  5 Killer Klowns (Zot:5)
  Boris (Crypt:3)
  A shard shrike (Zot:4)
  Frederick (Crypt:3)
  Bai Suzhen (Elf:3)
  4 golden dragons (Depths:4 Zot:2 Zot:4)
  A curse toe (Zot:4)
  4 caustic shrikes (Depths:2 Depths:3)
  2 profane servitors (Crypt:3 Zot:2)
  2 bone dragons (Crypt:3 Depths:4)
  2 electric golems (Zot:5)
  A hellephant (Zot:4)
  11 tentacled monstrosities (Vaults:4 Depths:3 Zot:1 Zot:2 Zot:3)
  A walking crystal tome (WizLab)
  An Ice Fiend (IceCv)
  25 Orb Guardians (Zot:5)
  3 liches (Depths:3 Depths:4)
  2 walking earthen tomes (Zot:2)
  2 walking divine tomes (Depths:3 Zot:2)
  A walking frostbound tome (Depths:3)
  Mlioglotl (Spider:1)
  2 deep elf master archers (Elf:3)
  2 deep elf blademasters (Elf:2 Elf:3)
  2 quicksilver dragons (Zot:2 Zot:3)
  Gastronok (Lair:2)
  A tentacled starspawn (Abyss:3)
  12 ancient champions (Crypt:1 Crypt:2 Crypt:3)
  3 sphinxes (Vaults:4 Crypt:3 Depths:1)
  10 storm dragons (Depths:3 Depths:4 Zot:1 Zot:3 Zot:4)
  7 death cobs (Zot:1 Zot:2 Zot:3 Zot:4 Zot:5)
  2 strange machines (WizLab)
  2 tengu reavers (Depths:1)
  A thorn hunter (Swamp:4)
  4 draconian monks (Depths:4 Zot:3 Zot:4)
  The ghost of Huashrat the Severer, an adept FoFi of Okawaru (D:15)
  Donald (Vaults:2)
  8 revenants (Crypt:1 Crypt:2 Crypt:3)
  9 shadow dragons (Elf:1 Depths:4 Zot:1 Zot:2 Zot:3)
  4 draconian knights (Zot:1 Zot:3 Zot:4 Zot:5)
  2 narguns (Zot:2)
  An iron dragon (Elf:1)
  4 frost giants (Depths:2 Depths:3)
  15 vault wardens (Vaults:2 Vaults:1 Vaults:3 Vaults:4)
  2 deep elf sorcerers (Elf:3)
  5 emperor scorpions (Spider:4)
  7 fire giants (Depths:1 Depths:2 Depths:3 Depths:4)
  2 curse skulls (Crypt:1 Crypt:3)
  2 balrugs (Depths:1 D:8)
  2 draconian stormcallers (Abyss:3 Depths:4)
  3 draconian scorchers (Zot:3 Zot:4)
  8 ghost moths (Spider:2 Spider:4 Zot:3 Zot:5 Zot:4)
  6 draconian shifters (Zot:1 Zot:3 Zot:4)
  A deep elf elementalist (Elf:2)
  4 broodmothers (Spider:2 Spider:3 Spider:4)
  A caustic shrike zombie (Crypt:3)
  5 orc warlords (Vaults:2 Vaults:3)
  6 draconian annihilators (Depths:4 Zot:3)
  15 ironbound preservers (Vaults:1 Vaults:2 Vaults:3 Vaults:4)
  A reaper (Crypt:2)
  8 stone giants (D:15 Depths:1 Depths:2 Depths:3 Depths:4)
  19 very ugly things (Depths:2 Depths:3)
  12 ghouls (Swamp:3 Vaults:3 Crypt:1 Crypt:2 Crypt:3)
  The ghost of Zoram the Thaumaturge, a journeyman SpAE of Vehumet (D:15)
  2 war gargoyles (Vaults:4)
  8 ironbound thunderhulks (Vaults:1 Vaults:2 Vaults:3 Vaults:4)
  9 green draconians (Depths:4 Zot:1 Zot:2 Zot:3 Zot:5)
  5 deep elf demonologists (Elf:1 Elf:3)
  6 eleionomae (Swamp:2 Swamp:3 Swamp:4)
  6 black draconians (Zot:1 Zot:3 Zot:4 Zot:5)
  9 purple draconians (Depths:4 Zot:1 Zot:3 Zot:4 Zot:5)
  8 vampire knights (Crypt:1 Crypt:2 Crypt:3 Depths:1 Depths:2)
  10 deep elf annihilators (Elf:2 Elf:3)
  10 dire elephants (Lair:5 Vaults:2 Vaults:3)
  A minotaur (Gauntlet)
  3 bunyips (Swamp:2 Swamp:4)
  7 red draconians (Zot:1 Zot:3 Zot:4)
  6 white draconians (Depths:4 Zot:1 Zot:3 Zot:4 Zot:5)
  Azrael (D:13)
  6 spark wasps (Spider:4 Depths:2 Depths:4)
  5 eidola (Crypt:1 Crypt:2)
  7 yellow draconians (Zot:1 Zot:3 Zot:4)
  6 ettins (D:12 Depths:1 Depths:2 Depths:3)
  8 deep elf death magi (Elf:3 Crypt:1 Crypt:3)
  A merfolk impaler (Depths:4)
  2 pearl dragon zombies (Crypt:3)
  7 jiangshi (Crypt:1 Crypt:2 Crypt:3)
  A blizzard demon (Gauntlet)
  A mummy priest (Crypt:3)
  2 deep elf high priests (Elf:3)
  10 fire dragons (Elf:1 Depths:1 Depths:3 Depths:4)
  8 yaktaur captains (Vaults:2 Vaults:3 Vaults:4)
  A quicksilver dragon zombie (Crypt:3)
  A great orb of eyes (Vaults:4)
  4 entropy weavers (Spider:3 Spider:4 Vaults:1)
  A fenstrider witch zombie (Crypt:3)
  A quicksilver dragon skeleton (Crypt:2)
  2 shambling mangroves (Swamp:1 Swamp:4)
  2 spriggan zombies (Crypt:1 Crypt:2)
  10 rakshasas (WizLab Depths:1 Depths:2)
  7 ice dragons (Elf:1 Depths:1 Depths:2 Depths:3)
  17 hydras (D:12 Lair:3 Lair:4 D:13 D:14)
  4 vault guards (Vaults:2 Vaults:3 Vaults:4)
  3 spriggan air magi (Depths:2 Depths:4)
  4 caustic shrike simulacra (IceCv Crypt:3)
  A peacekeeper (Vaults:4)
  A radroach (Spider:1)
  12 centaur warriors (D:12 D:13 D:15 Vaults:1)
  2 ghost crabs (Swamp:1 Swamp:4)
  7 ironbound frosthearts (Vaults:1 Vaults:2 Vaults:3 Vaults:4)
  4 ogre magi (D:10 D:12 D:14 Vaults:2)
  2 catoblepae (Lair:3 Lair:5)
  2 two-headed ogres (D:11 D:12)
  A two-headed ogre (shapeshifter) (Elf:2)
  2 death knights (Crypt:2 Crypt:3)
  13 death yaks (Lair:5)
  A deep troll shaman (Lair:5)
  8 alligators (Swamp:1 Swamp:2 Swamp:3 Swamp:4)
  8 boulder beetles (D:12 Lair:4 Spider:2 Spider:3 Vaults:1)
  2 deep troll earth magi (Depths:1 Depths:4)
  3 hell hogs (Crypt:3)
  9 tengu warriors (D:12 D:15 Depths:1 Depths:3)
  8 vampire magi (Crypt:1 Crypt:2 Crypt:3)
  17 dancing weapons (Elf:2 Elf:3 WizLab Zot:2)
  5 spriggan berserkers (Swamp:4 Depths:3 Depths:4)
  4 orc high priests (D:12 Orc:2)
  3 soul eaters (Crypt:2 Crypt:3 Zot:1)
  Sonja (Lair:4)
  16 deep elf knights (D:14 Elf:1 Elf:2 Elf:3 D:15)
  8 hell knights (Depths:3 Depths:4)
  9 spriggans (Swamp:1 Swamp:2 Swamp:3 Swamp:4)
  2 titan skeletons (Crypt:1 Depths:2)
  A storm dragon zombie (Vaults:4)
  2 wretched stars (Abyss:3)
  3 shadow wraiths (Crypt:2)
  2 iron trolls (Depths:1 Depths:4)
  A golden dragon zombie (Depths:2)
  4 goliath frogs (Swamp:2 Swamp:3)
  A sun moth (Spider:1)
  32 skeletal warriors (D:14 D:13 D:15 Crypt:1 Crypt:2)
  7 pharaoh ants (Spider:1 Spider:2 Spider:3 Spider:4)
  4 spriggan druids (Swamp:1 Swamp:2 Swamp:4)
  11 swamp dragons (Swamp:1 Swamp:3 Swamp:4)
  A sixfirhy (Depths:1)
  Lodul (D:11)
  3 glowing orange brains (Vaults:2 Vaults:3 Depths:1)
  8 flayed ghosts (Crypt:2 Crypt:3)
  A death drake (Swamp:4)
  10 orb spiders (Spider:1 Spider:3 Spider:4 Abyss:3)
  2 obsidian statues (IceCv)
  An orange crystal statue (D:15)
  19 ironbound convokers (Vaults:1 Vaults:2 Vaults:3 Vaults:4)
  2 steelbarb worms (Spider:2 Spider:4)
  47 deep trolls (Vaults:1 Vaults:2 Vaults:3 Vaults:4 Depths:1)
  14 phantasmal warriors (Crypt:1 Crypt:2 Crypt:3 Depths:1 Depths:2)
  8 bog bodies (IceCv Swamp:3 Swamp:4 Vaults:3 Crypt:1)
  11 necromancers (Vaults:2 Vaults:4 Crypt:1 Crypt:2 Crypt:3)
  A shadow dragon zombie (Crypt:2)
  7 deep elf archers (Elf:1 Elf:2 Elf:3)
  7 wizards (Vaults:1 Vaults:2 Vaults:3 Vaults:4 Depths:2)
  16 lindwurms (Vaults:1 Vaults:2 Vaults:3)
  20 deep elf zephyrmancers (D:14 Elf:1 Elf:2 Elf:3)
  2 large abominations (Abyss:3 D:14)
  A wolf spider (shapeshifter) (D:15)
  15 orc knights (Orc:2 Elf:1 Vaults:2 Vaults:3 D:15)
  Pikel (D:6)
  20 wolf spiders (Spider:1 Spider:2 Spider:3 Spider:4)
  An eleionoma zombie (Crypt:2)
  19 deep elf pyromancers (D:12 D:14 D:15 Elf:1 Elf:2)
  A stone giant zombie (Vaults:2)
  4 will-o-the-wisps (Swamp:1 Swamp:3 Swamp:4)
  6 orc sorcerers (D:12 Orc:2 Elf:3)
  An oklob plant (Lair:1)
  2 manticores (D:13 D:14)
  A frost giant zombie (Vaults:2)
  36 ugly things (D:14 D:15 Swamp:2 Vaults:1 Vaults:2)
  6 cyclopes (D:11 D:12 Orc:1 D:14 D:15)
  20 moths of wrath (Spider:3 Spider:4 Zot:1 Zot:2 Zot:3)
  2 human zombies (Vaults:2)
  A dire elephant zombie (Crypt:1)
  Maurice (D:8)
  An elf zombie (Vaults:4)
  11 elephants (Lair:1 Lair:5 Gauntlet)
  7 starcursed masses (Abyss:3)
  A black mamba (Lair:4)
  A shock serpent zombie (Crypt:3)
  A naga zombie (Crypt:3)
  3 centaur skeletons (D:14)
  10 vault sentinels (Vaults:1 Vaults:2 Vaults:3 Vaults:4)
  A storm dragon simulacrum (Zot:3)
  4 torpor snails (Lair:5 Gauntlet Spider:2 Spider:3)
  4 apis skeletons (Crypt:3)
  2 gargoyles (D:11)
  An orange demon (Depths:1)
  A stone giant skeleton (Crypt:3)
  3 smoke demons (Abyss:3 Depths:1)
  A white draconian zombie (Crypt:2)
  An elephant slug zombie (Crypt:1)
  7 demonic crawlers (Spider:1 Spider:2 Spider:3 Spider:4)
  14 cane toads (Lair:1 Lair:2 Lair:3 Lair:4 Lair:5)
  A dire elephant skeleton (Crypt:3)
  2 unseen horrors (D:12)
  A purple draconian zombie (Crypt:1)
  A minotaur zombie (Crypt:2)
  A yaktaur (shapeshifter) (D:15)
  6 kobold demonologists (D:10 D:11 D:12)
  4 komodo dragons (Lair:3 Lair:4 Lair:5)
  36 yaktaurs (D:13 Vaults:2 Vaults:3 Vaults:4)
  2 efreet (D:14 D:15)
  4 rime drakes (D:9 Lair:1 Lair:4 Lair:5)
  11 freezing wraiths (IceCv Vaults:2 Crypt:2 Crypt:3)
  2 tengu conjurers (D:15 Depths:3)
  4 golden dragon simulacra (IceCv Depths:2)
  An unseen horror skeleton (Crypt:2)
  8 guardian mummies (Crypt:3)
  A pale draconian skeleton (Crypt:2)
  An ice devil (IceCv)
  A harpy zombie (Crypt:3)
  A green draconian skeleton (Crypt:3)
  A queen bee (Spider:3)
  A red devil (Depths:1)
  4 bloated husks (Swamp:1 Swamp:2 Swamp:4)
  A troll (D:11)
  A meliai (shapeshifter) (D:15)
  9 meliai (Spider:3 Spider:4)
  A yaktaur skeleton (Vaults:4)
  A shadow dragon simulacrum (Zot:3)
  24 hornets (D:8 D:10 Swamp:1 Swamp:2 Swamp:3)
  An iron troll skeleton (Crypt:1)
  Grinder (D:3)
  3 tyrant leeches (Swamp:2 Swamp:3)
  6 polar bears (D:9 Lair:3 Lair:5)
  A harpy skeleton (Crypt:1)
  8 blink frogs (D:9 Lair:1 Lair:4)
  5 dream sheep (Lair:5)
  22 tarantellas (Spider:1 Spider:2 Spider:3 Spider:4)
  A death drake skeleton (Crypt:3)
  A meliai zombie (Crypt:2)
  25 slime creatures (D:12 D:13 Vaults:1 Vaults:2 Vaults:3)
  A raiju (Gauntlet)
  A hydra skeleton (Crypt:3)
  5 air elementals (Elf:1 Elf:2 Elf:3)
  An ettin zombie (Crypt:3)
  21 jumping spiders (Spider:1 Spider:2 Spider:3 Spider:4)
  5 water elementals (Elf:1 Depths:4)
  7 wraiths (D:6 D:12 Crypt:1 Crypt:2 Crypt:3)
  15 culicivoras (Spider:1 Spider:2 Spider:3 Spider:4)
  4 flying skulls (Crypt:1)
  A black mamba zombie (Crypt:2)
  2 centaur simulacra (D:15 Crypt:3)
  2 ettin skeletons (Vaults:2 Crypt:1)
  An alligator skeleton (Crypt:1)
  2 vampires (D:12 Crypt:3)
  An elf simulacrum (Vaults:4)
  A black mamba skeleton (Crypt:1)
  A naga simulacrum (Crypt:2)
  4 wyverns (D:9 Lair:2 Lair:3 Lair:5)
  A white draconian simulacrum (Zot:3)
  44 yaks (D:9 D:11 D:12 Lair:1 Lair:2)
  7 basilisks (Lair:4 D:15)
  4 fire elementals (D:13 Elf:1 Elf:3)
  49 redbacks (Spider:1 Spider:2 Spider:3 Spider:4 Vaults:1)
  A chaos spawn (D:15)
  A glowing shapeshifter zombie (Vaults:2)
  2 steam dragons (D:6 Gauntlet)
  17 vampire mosquitoes (D:12 D:13 D:14 Swamp:1 D:15)
  A minotaur simulacrum (IceCv)
  3 wargs (D:12 Orc:1)
  18 swamp worms (Swamp:1 Swamp:2 Swamp:3 Swamp:4)
  A deep troll zombie (Crypt:1)
  4 hydra simulacra (IceCv Zot:4)
  11 water moccasins (D:6 D:9 Lair:1 Lair:2 Lair:3)
  Duvessa (D:7)
  3 acid dragons (D:10 D:12 D:14)
  An acid dragon (shapeshifter) (Depths:4)
  A floating eye (D:10)
  2 hell hounds (D:13)
  A moth of wrath simulacrum (Zot:3)
  A glowing shapeshifter skeleton (Vaults:2)
  A demonspawn skeleton (Crypt:1)
  30 orc warriors (Bailey D:12 Orc:1 Orc:2 Elf:1)
  10 swamp drakes (Swamp:2 Swamp:4)
  3 black bears (D:6 D:8 Lair:5)
  4 ettin simulacra (IceCv Vaults:2)
  5 ice beasts (D:6 D:9)
  17 ogres (D:6 D:11 D:12 Orc:1 Orc:2)
  23 centaurs (D:6 D:7 D:9 D:10 Bailey)
  4 boggarts (D:14 Vaults:2)
  11 wolves (D:9 Lair:4 Lair:5)
  A swamp dragon skeleton (Crypt:1)
  4 lemures (D:6)
  10 kobold brigands (D:6 D:7 D:8 D:9 D:11)
  A hog skeleton (Crypt:1)
  A phantom (D:5)
  6 bullfrogs (D:7 D:8 Lair:1 Lair:3)
  8 necrophages (Swamp:3 Crypt:1 Crypt:2)
  An elf skeleton (Crypt:2)
  9 earth elementals (Swamp:2 Elf:1 Elf:2 Elf:3)
  A wyvern zombie (Ossuary)
  2 human simulacra (Vaults:2 Vaults:4)
  2 water moccasin zombies (Ossuary)
  7 scorpions (D:3 D:6 D:7 Lair:2)
  5 wights (D:6)
  Dowan (D:7)
  A small abomination (Abyss:3)
  2 lindwurm simulacra (IceCv)
  3 spriggan skeletons (Crypt:1 Crypt:2 Crypt:3)
  28 killer bees (D:9 Spider:3)
  An electric eel (Spider:4)
  6 howler monkeys (D:6 D:8 D:14)
  8 bullfrog zombies (Ossuary)
  A crimson imp (D:5)
  2 centaur zombies (Ossuary)
  18 orc priests (D:4 D:12 Orc:1 Orc:2)
  A gnoll bouda (D:10)
  Crazy Yiuf (D:3)
  4 hounds (D:5 D:6 D:7)
  Jessica (D:3)
  5 iguanas (D:3 D:5 D:6)
  Natasha (thrice) (D:4)
  Terence (D:3)
  A scorpion zombie (Crypt:2)
  25 orc wizards (D:7 D:8 D:10 D:12 Orc:1)
  4 killer bee zombies (Ossuary)
  A boggart skeleton (Crypt:3)
  An ogre skeleton (Crypt:2)
  A boggart simulacrum (D:15)
  A hound skeleton (Crypt:3)
  19 mummies (D:8 Ossuary Crypt:3)
  9 gnolls (D:1 D:4 D:5 D:10)
  8 adders (D:2 D:3 D:5 D:6)
  A shadow imp (D:7)
  A white imp (D:6)
  2 ufetubi (D:6)
  3 worms (D:2 Lair:2)
  3 dart slugs (D:1 D:2 D:5)
  86 orcs (D:3 D:4 D:5 D:6 D:7)
  9 endoplasms (D:1 D:2 D:3)
  7 giant cockroaches (D:1 D:4 Lair:2)
  7 goblins (D:1 D:2 D:3 D:10)
  3 hobgoblins (D:1)
  4 jackals (D:1)
  2 quokkas (D:1 D:2)
  5 ball pythons (D:2)
  3 bats (D:1 D:2 D:3)
  3 frilled lizards (D:1 D:2)
  A hobgoblin zombie (D:8)
  38 kobolds (D:1 D:2 D:3 D:4 D:6)
  A kobold zombie (D:8)
  A quokka skeleton (Crypt:2)
  A quokka zombie (Crypt:3)
  5 rats (D:1 D:2 D:3)
  A plant (Lair:5)
2083 creatures vanquished.

Vanquished Creatures (others)
  A draconian knight (Zot:5)
  An ettin (Depths:3)
  2 deep elf knights (Elf:2 Elf:3)
  A centaur skeleton (D:14)
  2 bloated husks (Swamp:2)
  An orc warrior (Elf:1)
  A wolf (D:9)
  A boggart (Vaults:2)
  An orc (Elf:1)
  8 foxfires (Swamp:1 Swamp:3 Swamp:4)
  11 fungi (Lair:1 Lair:3 Lair:5)
  28 plants (Lair:1 Lair:2 Lair:3 Lair:4 Lair:5)
  4 starspawn tentacles (Abyss:3)
  3 withered plants (Ossuary)
65 creatures vanquished.

Grand Total: 2148 creatures vanquished

Table legend: (Time is in decaauts)
 A = Elapsed time spent in this place.
 B = Non-inter-level travel time spent in this place.
 C = Inter-level travel time spent in this place.
 D = Time resting spent in this place.
 E = Time spent auto-exploring this place.
 F = Levels seen in this place.
 G = Mean time per level.
                   A        B        C        D        E       F      G
               +--------+--------+--------+--------+--------+-----+--------+
         Total |  86297 |  79732 |   6565 |  26455 |  33158 |  56 | 1541.0 |
       Dungeon |  22586 |  19892 |   2694 |   5606 |   9161 |  15 | 1505.7 |
          Lair |   7876 |   7071 |    805 |   1993 |   3754 |   5 | 1575.2 |
         Swamp |   5705 |   5449 |    256 |   2219 |   1771 |   4 | 1426.2 |
   Spider Nest |   6721 |   6380 |    341 |   2259 |   2491 |   4 | 1680.2 |
  Orcish Mines |   1904 |   1827 |     77 |    709 |    741 |   2 |  952.0 |
   Elven Halls |   5765 |   5497 |    268 |   2325 |   1522 |   3 | 1921.7 |
        Vaults |  11063 |  10567 |    496 |   4499 |   4222 |   4 | 2765.8 |
         Crypt |   5956 |   5687 |    269 |   1908 |   2285 |   3 | 1985.3 |
        Depths |   6107 |   5360 |    747 |   1016 |   3128 |   4 | 1526.8 |
           Zot |   8390 |   7780 |    610 |   2716 |   3210 |   5 | 1678.0 |
         Abyss |    240 |    240 |      0 |     97 |      0 |   1 |  240.0 |
        Bazaar |    195 |    195 |      0 |      0 |    112 |   1 |  195.0 |
       Ossuary |    585 |    585 |      0 |     23 |    229 |   1 |  585.0 |
        Bailey |   1017 |   1017 |      0 |    266 |     80 |   1 | 1017.0 |
      Ice Cave |    785 |    785 |      0 |    359 |     90 |   1 |  785.0 |
        Wizlab |    840 |    840 |      0 |    354 |    130 |   1 |  840.0 |
      Gauntlet |    554 |    554 |      0 |    101 |    232 |   1 |  554.0 |
               +--------+--------+--------+--------+--------+-----+--------+

Top non-repeatable levels by time:
Vaults:3: 4091 daAuts
Vaults:1: 2947 daAuts
     D:9: 2650 daAuts
   Elf:2: 2552 daAuts
Vaults:2: 2545 daAuts
    D:12: 2493 daAuts
   Zot:5: 2417 daAuts
Spider:4: 2362 daAuts
  Lair:1: 2321 daAuts
 Crypt:3: 2274 daAuts
 Crypt:2: 2204 daAuts
Spider:3: 2127 daAuts
Depths:4: 2061 daAuts
   Zot:4: 2059 daAuts
   Zot:3: 2015 daAuts

Table legend:
 A = Non-vault XP
 B = Vault XP
 C = Vault XP percentage of total XP
 D = Non-vault monster count
 E = Vault monster count
 F = Vault count percentage of total count
                 A         B        C        D         E       F
            +---------+---------+-------+---------+---------+-------
      Total |  676898 |  551939 |  44.9 |    1288 |     789 |  38.0
            +---------+---------+-------+---------+---------+-------
        D:1 |      39 |      16 |  29.1 |      23 |       2 |   8.0
        D:2 |      51 |       7 |  12.1 |      20 |       4 |  16.7
        D:3 |     184 |     391 |  68.0 |      15 |       4 |  21.1
        D:4 |     175 |      36 |  17.1 |      14 |       1 |   6.7
        D:5 |     211 |      62 |  22.7 |       8 |       2 |  20.0
        D:6 |    1515 |     983 |  39.4 |      29 |       4 |  12.1
        D:7 |     496 |     226 |  31.3 |      14 |       2 |  12.5
        D:8 |    1203 |     505 |  29.6 |      16 |       4 |  20.0
        D:9 |    3249 |    1809 |  35.8 |      27 |      11 |  28.9
       D:10 |    1276 |    1839 |  59.0 |      18 |       9 |  33.3
       D:11 |    5601 |    1469 |  20.8 |      29 |       7 |  19.4
       D:12 |    4678 |   10886 |  69.9 |      20 |      29 |  59.2
       D:13 |    7692 |    1652 |  17.7 |      17 |       5 |  22.7
       D:14 |   12361 |    6875 |  35.7 |      24 |      19 |  44.2
       D:15 |   10570 |    9917 |  48.4 |      22 |      15 |  40.5
     Lair:1 |    6149 |    1802 |  22.7 |      20 |       7 |  25.9
     Lair:2 |    2613 |    1937 |  42.6 |      11 |       9 |  45.0
     Lair:3 |    5473 |       0 |   0.0 |      16 |       0 |   0.0
     Lair:4 |    5480 |    2363 |  30.1 |      19 |       8 |  29.6
     Lair:5 |   12224 |    8550 |  41.2 |      27 |      17 |  38.6
    Swamp:1 |   12162 |       0 |   0.0 |      26 |       0 |   0.0
    Swamp:2 |   11279 |    6009 |  34.8 |      24 |      14 |  36.8
    Swamp:3 |   11159 |       0 |   0.0 |      20 |       0 |   0.0
    Swamp:4 |   15875 |   16770 |  51.4 |      26 |      28 |  51.9
   Spider:1 |   10852 |    1697 |  13.5 |      34 |       1 |   2.9
   Spider:2 |   11792 |    1128 |   8.7 |      27 |       4 |  12.9
   Spider:3 |   15292 |    6319 |  29.2 |      40 |      32 |  44.4
   Spider:4 |   15720 |   21102 |  57.3 |      35 |      46 |  56.8
      Orc:1 |    2186 |       0 |   0.0 |      26 |       0 |   0.0
      Orc:2 |    1888 |    7336 |  79.5 |      33 |      30 |  47.6
      Elf:1 |    7431 |   13812 |  65.0 |      15 |      26 |  63.4
      Elf:2 |   12230 |    7085 |  36.7 |      21 |       7 |  25.0
      Elf:3 |   18278 |   23992 |  56.8 |      33 |      20 |  37.7
   Vaults:1 |   23592 |   12458 |  34.6 |      36 |      19 |  34.5
   Vaults:2 |   32621 |   22635 |  41.0 |      56 |      30 |  34.9
   Vaults:3 |   39872 |   29916 |  42.9 |      57 |      34 |  37.4
   Vaults:4 |   18949 |   20929 |  52.5 |      27 |      25 |  48.1
    Crypt:1 |   26897 |    1718 |   6.0 |      41 |       5 |  10.9
    Crypt:2 |   43546 |    3644 |   7.7 |      62 |       5 |   7.5
    Crypt:3 |   26765 |   50333 |  65.3 |      36 |      55 |  60.4
   Depths:1 |   27073 |    7192 |  21.0 |      30 |       6 |  16.7
   Depths:2 |   35348 |       0 |   0.0 |      32 |       0 |   0.0
   Depths:3 |   22551 |   20798 |  48.0 |      23 |      18 |  43.9
   Depths:4 |   31267 |   13525 |  30.2 |      31 |      12 |  27.9
      Zot:1 |   30357 |       0 |   0.0 |      25 |       0 |   0.0
      Zot:2 |    9253 |   12408 |  57.3 |       9 |       8 |  47.1
      Zot:3 |   28153 |   15925 |  36.1 |      24 |      14 |  36.8
      Zot:4 |   25892 |   15869 |  38.0 |      22 |      13 |  37.1
      Zot:5 |   22353 |  128389 |  85.2 |      17 |      48 |  73.8
    Abyss:3 |    5025 |    4423 |  46.8 |      11 |       5 |  31.2
    Ossuary |       0 |    1186 | 100.0 |       0 |      34 | 100.0
     Bailey |       0 |    2403 | 100.0 |       0 |      41 | 100.0
      IceCv |       0 |   11009 | 100.0 |       0 |      25 | 100.0
     WizLab |       0 |   16347 | 100.0 |       0 |      17 | 100.0
   Gauntlet |       0 |    4257 | 100.0 |       0 |       8 | 100.0
            +---------+---------+-------+---------+---------+-------
